 Dungeon Crawl Stone Soup version 0.30-a0-172-gc5509c9e31 (webtiles) character file.

Game seed: 1898297135956372260

685132 qw the Exorcist (level 27, -10/197 HPs)
             Began as a Gargoyle Fighter on Oct 1, 2022.
             Was an Elder of the Shining One.
             Killed by divine providence
             ... invoked by a smoke demon
              (15 damage)
             ... in Pandemonium.
             The game lasted 00:47:32 (65520 turns).

qw the Exorcist (Gargoyle Fighter)                 Turns: 65520, Time: 00:47:33

Health: -10/197    AC: 64    Str: 35    XL:     27
Magic:  3/40       EV: 16    Int: 11    God:    the Shining One [****..]
Gold:   5299       SH: 32    Dex: 13    Spells: 26/26 levels left

rFire   + . .      SeeInvis +    Y - +5 broad axe (holy)
rCold   . . .      Faith    .    x - +10 tower shield of Ignorance {rN+ Int-4}
rNeg    + + +      Spirit   .    v - +9 plate armour {rF+}
rPois   inf        Reflect  .    f - +2 helmet
rElec   +          Harm     +    A - +2 cloak
rCorr   .          Rampage  +    S - +2 pair of gloves {Str+3}
Will    ++...                    y - +2 pair of boots {rampage}
Stlth   ..........               G - amulet of the Queen {Harm Regen+ Dex+4 SInv}
HPRegen 1.32/turn                R - +4 ring of evasion
MPRegen 0.27/turn                B - ring "Yppiugaf" {AC+4 Int+4}

@: about to teleport, flying, glowing
A: sickness immunity, AC +20, big wings, negative energy resistance 1,
electricity resistance, torment resistance 1, petrification resistance, hooves
1, deformed body, evolution 1, no potion heal 1, subdued magic 1, inability to
drink after injury 1
}: 4/15 runes: decaying, serpentine, silver, golden
a: Renounce Religion, Divine Shield, Cleansing Flame


You were in Pandemonium.
You worshipped the Shining One.
The Shining One was greatly pleased with you.
You visited 11 branches of the dungeon, and saw 50 of its levels.
You visited Pandemonium 1 time, and saw 3 of its levels.
You visited the Abyss 1 time.
You also visited: Sewer.

You collected 14842 gold pieces.
You spent 9543 gold pieces at shops.


Innate Abilities, Weirdness & Mutations

You are immune to sickness and miasma.
Your stone body is resilient. (AC +20)
You are immune to poison.
Your large and strong wings let you fly.
You resist negative energy. (rN+)
You are resistant to electric shocks. (rElec)
You are resistant to unholy torment.
You are immune to petrification.
You have large cloven feet.
Armour fits poorly on your strangely shaped body.
You have hidden genetic potential.
Potions are less effective at restoring your health.
Your spells are a little easier to cast, but a little less powerful.
You occasionally lose the ability to drink potions when taking damage.


   Skills:
 - Level 26.9 Fighting
 - Level 4.7 Short Blades
 - Level 18.0 Axes
 - Level 15.0 Throwing
 + Level 22.0 Armour
 - Level 9.0 Dodging
 - Level 22.0 Shields
 O Level 27 Invocations


You had 26 spell levels left.
You didn't know any spells.
Your spell library was empty.

Inventory:

Hand Weapons
 u - the +5 broad axe "Emoniudgh" {vorpal, rPois Dex+2}
   (You acquired it on level 2 of the Crypt)

   It inflicts extra damage upon your enemies.
   Dex:       It affects your dexterity (+2).
   rPois:     It protects you from poison.
 Y - a +5 broad axe of holy wrath (weapon)
Missiles
 b - 8 silver boomerangs (quivered)
 w - 20 boomerangs
Armour
 f - a +2 helmet (worn)
 v - a +9 plate armour of fire resistance (worn)
 x - the +10 tower shield of Ignorance (worn) {rN+ Int-4}
   (Okawaru gifted it to you on level 5 of the Lair of Beasts)

   Int:       It affects your intelligence (-4).
   rN:        It protects you from negative energy.
 y - a +2 pair of boots of rampaging (worn)
 A - a +2 cloak (worn)
 S - a +2 pair of gloves of strength (worn)
Jewellery
 B - the ring "Yppiugaf" (right hand) {AC+4 Int+4}
   (You found it on level 3 of the Snake Pit)

   [ring of protection]

   AC:        It affects your AC (+4).
   Int:       It affects your intelligence (+4).
 G - the amulet of the Queen (around neck) {Harm Regen+ Dex+4 SInv}
   (You found it on level 1 of the Realm of Zot)

   [amulet of regeneration]

   Dex:       It affects your dexterity (+4).
   SInv:      It lets you see invisible.
   Regen:     It increases your rate of health regeneration.
   Harm:      It increases damage dealt and taken.
 R - a +4 ring of evasion (left hand)
Scrolls
 i - 2 scrolls of brand weapon
 k - 31 scrolls of identify
 s - 4 scrolls of teleportation
Potions
 d - 13 potions of might
 e - 14 potions of attraction
 h - 9 potions of lignification
 l - 9 potions of haste
 m - 8 potions of cancellation
 n - 10 potions of curing
 p - 4 potions of resistance

Dungeon Overview and Level Annotations

Branches:
Dungeon (15/15)            Temple (1/1) D:4            Lair (5/5) D:11
  Swamp (4/4) Lair:2        Snake (4/4) Lair:2        Slime (0/5) Lair:4
    Orc (2/2) D:11            Elf (0/3) Orc:2        Vaults (5/5) D:14
  Crypt (3/3) Vaults:3       Tomb (3/3) Crypt:3      Depths (4/4) D:15
    Zot (4/5) Depths:4      Sewer (visited)

Altars:
Ashenzari
Cheibriados
Dithmenos
Elyvilon
Fedhas
Gozag
Hepliaklqana
Kikubaaqudgha
Makhleb
Nemelex Xobeh
Okawaru
Qazlal
Ru
Sif Muna
Trog
Uskayaw
Vehumet
Wu Jian
Xom
Yredelemnul
Zin
The Shining One
Lugonu

Shops:
D:5 (   D:10 :   D:12 (   Orc:1 *   Orc:2 [=(*   Snake:1 *?=!*[:   Snake:2 ?
Vaults:1 ?   Vaults:5 [   Depths:2 [   Depths:4 (

Portals:
Hell: Depths:1 Depths:2 Depths:3 Depths:4
Abyss: Depths:2 Depths:3 Depths:4
Pandemonium: Depths:1 Depths:2
Ziggurat: Depths:2

Annotations:
Lair:5 1 runed translucent door
Zot:4 1 runed translucent door, qw's ghost, master GrFi


Message History

The golden flame engulfs you but does no damage.
You resist.
65507 ||| INVOKING Cleansing Flame.
The golden flame engulfs you but does no damage.
You resist.
You hear a roar!
65508 ||| INVOKING Cleansing Flame.
The golden flame engulfs you but does no damage.
65509 ||| INVOKING Cleansing Flame.
The golden flame engulfs you but does no damage.
You resist. The smoke demon gestures at you. Something smites you!
The smoke demon gestures at you. Something smites you!
The smoke demon gestures at you. Something smites you!
The smoke demon gestures at you. Something smites you!
The smoke demon gestures at you. Something smites you!
The tormentor calls on the powers of darkness!
Your body is wracked with pain!
The smoke demon gestures at you. Something smites you!
The smoke demon gestures at you. Something smites you!
The tormentor calls on the powers of darkness!
Your body is wracked with pain!
65519 ||| READING 5 scrolls of teleportation.
As you read the scroll of teleportation, it crumbles to dust.
You feel strangely unstable. The smoke demon gestures at you.
Something smites you!
A large abomination comes into view.
The smoke demon gestures at you. Something smites you!
The smoke demon gestures at you. Something smites you!
You die...

......#..####.....# #.......\.
......'...........######....#####
.######.....................#
##.......#################..#
.........# .... #..# .........#
############ #..# .........#
3233....3.# #..#####
.........###############.#.......
.........#~~~~~~@¤~~¤~~~.#.....##
.........X...............#.....#.
.........'...............#.....#.
.........'...............#.....'.
#........#~~~~~~~¤¤~~~~~.#.....#.
#........###############.#.....##
#........# .3.333......#.#.......
'........# #############'#..##''#
#........# ..... #..#....


You could see a large abomination, 4 smoke demons and a tormentor.

Vanquished Creatures
  3 dread liches
  Khufu (Tomb:1)
  3 ancient liches
  3 pandemonium lords (Pan)
  2 juggernauts (Depths:4)
  Sojobo (Depths:2)
  23 royal mummies
  Boris (Tomb:1)
  Bai Suzhen (Vaults:2)
  8 Killer Klowns
  Margery (Vaults:2)
  Vashnia (Snake:4)
  3 curse toes
  16 golden dragons
  Nikola (Swamp:1)
  A profane servitor (Crypt:3)
  the Enchantress (Depths:1)
  2 bone dragons
  A shard shrike zombie (Crypt:3)
  An iron giant (Zot:1)
  Jorgrun (D:13)
  14 tentacled monstrosities
  A Hell Sentinel (Pan)
  An Ice Fiend (Pan)
  A walking frostbound tome (Depths:3)
  Mlioglotl (Swamp:2)
  8 liches
  A walking earthen tome (Depths:3)
  3 deep elf master archers
  12 titans
  4 deep elf blademasters
  A walking divine tome (Depths:3)
  3 quicksilver dragons
  8 Executioners (Pan)
  8 sphinxes
  3 ancient champions
  6 death cobs
  14 storm dragons
  19 tengu reavers
  Roxanne (Swamp:4)
  2 thorn hunters (Swamp:4)
  19 draconian monks
  9 shadow dragons
  3 revenants
  15 frost giants
  A rockslime (Zot:3)
  4 demonspawn warmongers (Pan)
  9 nagarajas
  22 vault wardens
  20 fire giants
  An iron dragon (Depths:3)
  5 draconian scorchers
  4 cacodemons
  Aizul (Snake:3)
  4 balrugs (Pan)
  4 angels (Zot:2)
  A caustic shrike zombie (Crypt:2)
  A draconian knight (Zot:2)
  3 draconian shifters
  3 ghost moths
  2 curse skulls
  A draconian stormcaller (Zot:1)
  4 spriggan defenders
  5 reapers
  19 stone giants
  16 ghouls
  2 orc warlords
  A juggernaut skeleton (Crypt:1)
  17 ironbound preservers
  20 very ugly things
  12 green draconians
  13 black draconians
  4 draconian annihilators
  5 ironbound thunderhulks
  5 war gargoyles
  2 deep elf demonologists (Vaults:5)
  A rockslime zombie (Crypt:2)
  5 vampire knights
  A lorocyproca (Pan)
  3 demonspawn black suns (Pan)
  4 eleionomae
  15 white draconians
  4 dire elephants
  2 deep elf annihilators
  6 yellow draconians
  20 red draconians
  Azrael (Snake:3)
  9 purple draconians
  6 eidola (Crypt:3)
  4 bunyips
  7 spark wasps
  4 deep elf death magi
  10 ettins
  7 green deaths (Pan)
  A merfolk impaler (Depths:4)
  20 mummy priests
  A blizzard demon (Pan)
  15 fire dragons
  A quicksilver dragon zombie (Crypt:1)
  A fire dragon (shapeshifter) (Zot:2)
  3 shambling mangroves
  3 jiangshi (Depths:3)
  4 great orbs of eyes
  3 deep elf high priests
  30 vault guards
  8 yaktaur captains
  A peacekeeper (Vaults:4)
  2 rakshasas (Depths:2)
  A hell beast (Pan)
  A salamander tyrant (Snake:4)
  A fenstrider witch zombie (Crypt:1)
  8 ice dragons
  4 spriggan air magi
  2 juggernaut simulacra (Crypt:2)
  3 ghost crabs
  Erolcha (Orc:1)
  15 hydras
  An ogre mage (Vaults:3)
  12 alligators
  16 anacondas
  An alligator (shapeshifter) (Vaults:1)
  3 catoblepae
  2 centaur warriors
  4 spriggan zombies
  2 two-headed ogres
  17 naga warriors
  2 boulder beetles
  10 ironbound frosthearts
  A two-headed ogre (shapeshifter) (Vaults:4)
  3 deep troll earth magi
  2 dancing weapons (Zot:1)
  88 death scarabs
  14 naga sharpshooters
  9 tengu warriors
  4 deep troll shamans (Depths:1)
  4 death yaks (Lair:5)
  A titan zombie (Crypt:3)
  6 vampire magi
  4 death knights
  8 orc high priests
  4 shock serpents
  5 spriggan berserkers
  43 sun demons
  12 soul eaters
  14 hell knights
  6 deep elf knights
  An iron troll (Depths:1)
  28 skeletal warriors
  A sea snake (shapeshifter) (Vaults:4)
  5 shadow wraiths (Crypt:2)
  An iron giant zombie (Crypt:1)
  3 death drakes
  4 sixfirhies
  4 bog bodies
  8 sea snakes (Snake:4)
  8 goliath frogs
  An anaconda zombie (Tomb:3)
  3 spriggan druids
  8 deep elf archers
  8 flayed ghosts
  A steelbarb worm (shapeshifter) (Zot:2)
  37 deep trolls
  3 bunyip zombies
  3 salamander mystics (Snake:4)
  4 deep elf zephyrmancers
  14 necromancers
  2 shadow dragon zombies
  A bunyip skeleton (Crypt:1)
  11 swamp dragons
  8 wizards
  10 naga ritualists
  22 ugly things
  Pikel (D:6)
  6 glowing orange brains
  25 ironbound convokers
  10 shadow demons (Pan)
  8 orc knights
  2 anaconda skeletons
  A golden dragon skeleton (D:15)
  A tengu zombie (D:15)
  2 stone giant zombies
  4 deep elf pyromancers
  8 mana vipers
  10 harpies
  10 salamanders
  A jorogumo zombie (Crypt:2)
  25 phantasmal warriors
  8 lindwurms
  7 will-o-the-wisps
  5 orc sorcerers
  A shining eye (shapeshifter) (Zot:2)
  An eleionoma zombie (Crypt:2)
  11 moths of wrath
  6 manticores
  2 fire giant zombies
  13 elephants
  9 human zombies
  4 cyclopes
  44 black mambas
  12 naga magi
  10 guardian serpents
  3 rust devils (D:14)
  3 centaur zombies (Crypt:3)
  3 dire elephant zombies
  2 orange demons (Pan)
  2 stone giant skeletons
  An alligator snapping turtle zombie (Crypt:3)
  11 cane toads
  5 torpor snails (Lair:5)
  An eye of devastation (shapeshifter) (D:14)
  A dire elephant skeleton (Crypt:1)
  A hellion (Pan)
  22 vault sentinels
  20 demonic crawlers (Pan)
  20 smoke demons
  A death yak zombie (Crypt:2)
  15 freezing wraiths
  4 komodo dragons
  3 unseen horrors
  38 yaktaurs
  2 rime drakes
  6 tormentors (Pan)
  An efreet (D:13)
  A bunyip simulacrum (Tomb:1)
  12 trolls
  A hellwing (Depths:2)
  A tengu conjurer (Depths:3)
  3 anaconda simulacra
  2 ice devils
  36 guardian mummies
  5 harpy zombies
  A polar bear (Lair:3)
  5 red devils
  A tarantella (shapeshifter) (D:14)
  21 hornets
  2 bloated husks
  2 hydra zombies
  11 tyrant leeches
  15 large abominations (Pan)
  Prince Ribbit (D:7)
  An ettin zombie (Vaults:1)
  37 slime creatures
  2 hydra skeletons
  Grinder (D:5)
  7 blink frogs
  Sigmund (D:6)
  3 centaur simulacra
  30 flying skulls
  15 spriggans
  9 ynoxinuls (Pan)
  7 water elementals
  9 wyverns
  A shadow (Crypt:3)
  An elf zombie (Vaults:4)
  A spriggan skeleton (D:15)
  A tyrant leech zombie (Crypt:1)
  3 dire elephant simulacra (Crypt:2)
  12 ushabtiu
  31 yaks
  11 chaos spawn
  4 fire elementals (Snake:3)
  13 humans
  19 wraiths
  12 vampire mosquitoes
  7 neqoxecs
  A redback (shapeshifter) (Vaults:5)
  36 nagas
  11 wargs
  2 harpy simulacra (Crypt:2)
  10 swamp worms
  An acid dragon (Zot:2)
  2 hell hounds (Snake:3)
  12 water moccasins
  A glowing shapeshifter skeleton (Vaults:2)
  An ogre zombie (Vaults:4)
  3 sky beasts (D:6)
  2 floating eyes
  23 orc warriors
  2 floating eyes (shapeshifter) (Vaults:5)
  2 fire dragon simulacra (Crypt:2)
  2 ice beasts
  10 swamp drakes
  A black bear (shapeshifter) (D:13)
  An ice dragon simulacrum (Crypt:2)
  2 black mamba simulacra (Crypt:2)
  2 black bears
  A merfolk simulacrum (Crypt:2)
  6 ogres
  15 wolves
  5 centaurs
  A blink frog skeleton (Crypt:1)
  A lemure (D:6)
  A dream sheep skeleton (Crypt:1)
  3 phantoms (D:5)
  4 kobold brigands
  9 bullfrogs
  16 necrophages
  A gnoll sergeant (D:13)
  2 naga simulacra (Crypt:2)
  3 human skeletons
  3 scorpions
  7 wyvern skeletons (Crypt:3)
  11 wights
  11 killer bees
  3 electric eels
  6 howler monkeys
  4 crimson imps (Abyss:2)
  46 orc priests
  7 jellies
  2 gnoll boudas (D:6)
  5 hounds
  A boggart zombie (Crypt:1)
  A black bear skeleton (Crypt:1)
  3 iguanas
  18 orc wizards
  5 hell rats (Lair:5)
  An acid dragon zombie (Crypt:1)
  An acid dragon skeleton (Crypt:2)
  40 mummies
  12 gnolls
  14 adders
  3 river rats (Sewer)
  A shadow imp (D:6)
  7 white imps
  2 ufetubi
  A worm zombie (Crypt:2)
  4 worms
  2 dart slugs
  90 orcs
  5 bats
  15 endoplasms
  13 giant cockroaches
  11 goblins
  7 hobgoblins
  7 jackals
  2 quokkas (D:3)
  16 ball pythons
  6 frilled lizards
  A jackal zombie (Crypt:1)
  30 kobolds
  11 rats
  A rat zombie (Crypt:2)
2579 creatures vanquished.

Vanquished Creatures (collateral kills)
  10 royal mummies
  2 Tzitzimimeh
  3 liches
  2 deep elf blademasters (Crypt:2)
  An Executioner (Pan)
  An ancient champion (Tomb:2)
  A sphinx (Tomb:1)
  A juggernaut zombie (Tomb:3)
  A cacodemon (Pan)
  A demonspawn corrupter (Pan)
  A stone giant (Crypt:2)
  A demonspawn black sun (Pan)
  A lorocyproca (Pan)
  2 bennus (Tomb:1)
  5 mummy priests
  A spriggan skeleton (Tomb:1)
  33 death scarabs
  5 sun demons (Pan)
  A skeletal warrior (Tomb:3)
  A shadow wraith (Crypt:2)
  A shadow demon (Pan)
  8 smoke demons (Pan)
  A demonic crawler (Pan)
  A harpy zombie (Tomb:2)
  A hellwing (Pan)
  13 guardian mummies
  2 flying skulls (Tomb:2)
  2 ynoxinuls (Pan)
  2 ushabtiu (Tomb:2)
  2 chaos spawn (Pan)
  7 mummies
114 creatures vanquished.

Vanquished Creatures (others)
  A titan (Crypt:2)
  A fire giant (Depths:2)
  A war gargoyle (Vaults:5)
  A stone giant (Crypt:2)
  An eleionoma (Swamp:3)
  A naga warrior (Snake:3)
  2 wizards
  A deep elf zephyrmancer (Depths:1)
  A moth of wrath (Zot:2)
  A yaktaur (Vaults:1)
  5 bloated husks
  2 blink frogs (Lair:5)
  A slime creature (Vaults:2)
  A human (D:14)
  A vampire mosquito (Swamp:1)
  A neqoxec (Pan)
  A swamp worm (Swamp:3)
  2 nagas
  An orc priest (Orc:1)
  6 demonic plants (D:14)
  53 foxfires
  40 fungi
  A pillar of salt (Zot:2)
  75 plants
  11 withered plants
212 creatures vanquished.

Grand Total: 2905 creatures vanquished

Notes
Turn   | Place    | Note
-------+----------+-------------------------------------------
     0 | D:1      | qw the Gargoyle Fighter began the quest for the Orb.
     0 | D:1      | Reached XP level 1. HP: 14/14 MP: 1/1
     0 | D:1      | 0 ||| qw: Version: 0.2-a-13-gfc7b4b4
     0 | D:1      | 0 ||| qw: Game counter: 1811
     0 | D:1      | 0 ||| qw: Always use a shield: true
     0 | D:1      | 0 ||| qw: God list: Okawaru
     0 | D:1      | 0 ||| qw: Allow faded altars: false
     0 | D:1      | 0 ||| qw: Do Orc after D:15 true
     0 | D:1      | 0 ||| qw: Do second Lair branch before Depths: true
     0 | D:1      | 0 ||| qw: Lair rune preference: random
     0 | D:1      | 0 ||| qw: Plans: Normal, Zot:1-4, God:TSO, Crypt, Tomb,
                  | Pan, Slime:5, Hells, Abyss, Orb
     0 | D:1      | 0 ||| PLANNING D:1-11
   147 | D:1      | 147 ||| Stepping ~*~*~tactically~*~*~ (hiding).
   156 | D:1      | Reached XP level 2. HP: 16/19 MP: 2/2
   481 | D:1      | Reached skill level 3 in Axes
   685 | D:1      | Reached XP level 3. HP: 23/23 MP: 3/3
   690 | D:1      | 690 ||| DROPPING +0 whip.
   765 | D:1      | 765 ||| UPGRADING to +0 helmet.
   770 | D:1      | 770 ||| READING scroll labelled TAURUUNOUL.
   771 | D:1      | 771 ||| READING 2 scrolls labelled IWIOCW LEOKATU.
   772 | D:1      | 772 ||| DRINKING 2 fizzy cyan potions.
   855 | D:2      | 855 ||| STAIRDANCE
   888 | D:2      | 888 ||| Stepping ~*~*~tactically~*~*~ (stealth).
   902 | D:2      | 902 ||| Stepping ~*~*~tactically~*~*~ (stealth).
   905 | D:2      | 905 ||| Stepping ~*~*~tactically~*~*~ (stealth).
   906 | D:2      | 906 ||| Stepping ~*~*~tactically~*~*~ (stealth).
   910 | D:2      | Reached skill level 1 in Throwing
   999 | D:2      | Reached XP level 4. HP: 26/28 MP: 4/4
  1043 | D:2      | 1043 ||| Stepping ~*~*~tactically~*~*~ (stealth).
  1045 | D:2      | 1045 ||| Stepping ~*~*~tactically~*~*~ (stealth).
  1157 | D:2      | Found a faded altar of an unknown god.
  1342 | D:2      | 1342 ||| READING 2 scrolls labelled YBBYXT INGAU.
  1343 | D:2      | 1343 ||| READING 2 scrolls labelled CAEBEE PYAGUCE.
  1344 | D:2      | 1344 ||| READING scroll labelled BEOLOEHUFE.
  1345 | D:2      | 1345 ||| READING 2 scrolls of identify.
  1345 | D:2      | 1345 ||| IDENTIFYING fizzy sapphire potion
  1346 | D:2      | 1346 ||| DROPPING scroll of immolation.
  1347 | D:2      | 1347 ||| DROPPING scroll of noise.
  1400 | D:3      | 1400 ||| Stepping ~*~*~tactically~*~*~ (stealth).
  1446 | D:3      | 1446 ||| Stepping ~*~*~tactically~*~*~ (stealth).
  1557 | D:3      | 1557 ||| Stepping ~*~*~tactically~*~*~ (stealth).
  1589 | D:3      | 1589 ||| DROPPING +1 whip of draining.
  1657 | D:3      | Reached XP level 5. HP: 32/32 MP: 5/5
  1824 | D:3      | 1824 ||| Stepping ~*~*~tactically~*~*~ (stealth).
  2017 | D:3      | 2017 ||| Stepping ~*~*~tactically~*~*~ (stealth).
  2155 | D:3      | 2155 ||| DRINKING 2 viscous purple potions.
  2156 | D:3      | 2156 ||| DRINKING 3 murky ruby potions.
  2157 | D:3      | 2157 ||| READING 2 scrolls of identify.
  2157 | D:3      | 2157 ||| IDENTIFYING murky coppery potion
  2158 | D:3      | 2158 ||| DROPPING potion of flight.
  2187 | D:4      | 2187 ||| PLANNING SEWER
  2202 | D:4      | 2202 ||| Stepping ~*~*~tactically~*~*~ (stealth).
  2254 | D:4      | 2254 ||| Stepping ~*~*~tactically~*~*~ (stealth).
  2286 | D:4      | Found a burning altar of Makhleb.
  2405 | D:4      | Reached XP level 6. HP: 38/38 MP: 6/6
  2566 | D:4      | 2566 ||| Stepping ~*~*~tactically~*~*~ (stealth).
  2581 | D:4      | Reached skill level 1 in Dodging
  2589 | D:4      | Found a staircase to the Ecumenical Temple.
  2748 | D:4      | Found a glowing drain.
  2749 | D:4      | 2749 ||| READING scroll labelled NOOMON MIUVACK.
  2750 | D:4      | 2750 ||| READING scroll labelled FYNUME FUNILL.
  2751 | D:4      | 2751 ||| DRINKING 2 fizzy dark potions.
  2752 | D:4      | 2752 ||| READING 2 scrolls of identify.
  2752 | D:4      | 2752 ||| IDENTIFYING grey potion
  2782 | Sewer    | Entered a sewer
  3066 | Sewer    | 3066 ||| Stepping ~*~*~tactically~*~*~ (stealth).
  3078 | Sewer    | Reached XP level 7. HP: 14/43 MP: 7/7
  3080 | Sewer    | Reached skill level 6 in Axes
  3193 | Sewer    | Found a viscous altar of Jiyva.
  3243 | Sewer    | 3243 ||| READING scroll labelled JASU HAEPRYIL.
  3248 | Sewer    | 3248 ||| DRINKING 2 ruby potions.
  3248 | Sewer    | Reached XP level 8. HP: 48/48 MP: 8/8
  3249 | Sewer    | 3249 ||| DRINKING potion of experience.
  3249 | Sewer    | Reached XP level 9. HP: 64/64 MP: 9/9
  3250 | Sewer    | 3250 ||| DRINKING 2 viscous blue potions.
  3261 | D:4      | 3261 ||| PLANNING TEMPLE
  3307 | Temple   | Entered the Ecumenical Temple
  3320 | Temple   | 3320 ||| PLANNING OKAWARU WORSHIP
  3567 | Temple   | Became a worshipper of Warmaster Okawaru
  3568 | Temple   | 3568 ||| PLANNING D:1-11
  3969 | D:5      | Entered Level 5 of the Dungeon
  4002 | D:5      | 4002 ||| Stepping ~*~*~tactically~*~*~ (stealth).
  4042 | D:5      | Found Uragolesida's Weapon Boutique.
  4145 | D:5      | 4145 ||| READING 2 scrolls of enchant armour.
  4145 | D:5      | 4145 ||| ENCHANTING +0 helmet.
  4146 | D:5      | 4146 ||| READING scroll of enchant armour.
  4146 | D:5      | 4146 ||| ENCHANTING +1 helmet.
  4216 | D:5      | Found Tutisiut's Fire Supplies.
  4263 | D:5      | Noticed Grinder
  4270 | D:5      | Paralysed by Grinder for 4 turns
  4283 | D:5      | 4283 ||| FLEEEEING.
  4284 | D:5      | 4284 ||| FLEEEEING.
  4285 | D:5      | 4285 ||| FLEEEEING.
  4286 | D:5      | 4286 ||| FLEEEEING.
  4287 | D:5      | 4287 ||| FLEEEEING.
  4297 | D:5      | Killed Grinder
  4298 | D:5      | 4298 ||| FLEEEEING.
  4299 | D:5      | 4299 ||| FLEEEEING.
  4300 | D:5      | 4300 ||| FLEEEEING.
  4301 | D:5      | 4301 ||| FLEEEEING.
  4302 | D:5      | 4302 ||| FLEEEEING.
  4303 | D:5      | 4303 ||| FLEEEEING.
  4304 | D:5      | 4304 ||| FLEEEEING.
  4305 | D:5      | 4305 ||| FLEEEEING.
  4306 | D:5      | 4306 ||| FLEEEEING.
  4307 | D:5      | 4307 ||| FLEEEEING.
  4308 | D:5      | 4308 ||| FLEEEEING.
  4309 | D:5      | 4309 ||| FLEEEEING.
  4310 | D:5      | 4310 ||| FLEEEEING.
  4311 | D:5      | 4311 ||| FLEEEEING.
  4312 | D:5      | 4312 ||| FLEEEEING.
  4315 | D:5      | 4315 ||| FLEEEEING.
  4316 | D:5      | 4316 ||| FLEEEEING.
  4317 | D:5      | 4317 ||| FLEEEEING.
  4318 | D:5      | 4318 ||| FLEEEEING.
  4319 | D:5      | 4319 ||| FLEEEEING.
  4320 | D:5      | 4320 ||| FLEEEEING.
  4324 | D:5      | 4324 ||| FLEEEEING.
  4326 | D:5      | 4326 ||| STAIRDANCE
  4398 | D:4      | 4398 ||| DROPPING +6 ring of intelligence.
  4546 | D:5      | 4546 ||| Stepping ~*~*~tactically~*~*~ (stealth).
  4561 | D:5      | Reached * piety under Okawaru
  4620 | D:5      | Found a sparkling altar of Nemelex Xobeh.
  4805 | D:5      | 4805 ||| INVOKING Heroism.
  4813 | D:5      | Reached skill level 1 in Invocations
  4843 | D:5      | Found a hide-covered altar of Uskayaw.
  4881 | D:5      | 4881 ||| UPGRADING to +0 chain mail.
  4891 | D:5      | 4891 ||| DROPPING +0 scale mail.
  4905 | D:6      | 4905 ||| Stepping ~*~*~tactically~*~*~ (stealth).
  4906 | D:6      | 4906 ||| Stepping ~*~*~tactically~*~*~ (stealth).
  4945 | D:6      | 4945 ||| Stepping ~*~*~tactically~*~*~ (hiding).
  4947 | D:6      | 4947 ||| Stepping ~*~*~tactically~*~*~ (hiding).
  5093 | D:6      | Noticed Pikel
  5094 | D:6      | 5094 ||| INVOKING Heroism.
  5106 | D:6      | Killed Pikel
  5107 | D:6      | Reached skill level 2 in Invocations
  5107 | D:6      | Reached XP level 10. HP: 69/69 MP: 8/11
  5186 | D:6      | 5186 ||| INVOKING Heroism.
  5367 | D:6      | 5367 ||| INVOKING Heroism.
  5441 | D:6      | 5441 ||| INVOKING Heroism.
  5456 | D:6      | Reached ** piety under Okawaru
  5482 | D:6      | 5482 ||| Stepping ~*~*~tactically~*~*~ (hiding).
  5598 | D:6      | Noticed Sigmund
  5604 | D:6      | Killed Sigmund
  5614 | D:6      | Reached skill level 3 in Invocations
  5746 | D:6      | 5746 ||| INVOKING Heroism.
  5880 | D:6      | 5880 ||| Stepping ~*~*~tactically~*~*~ (hiding).
  5881 | D:6      | 5881 ||| INVOKING Heroism.
  5925 | D:6      | 5925 ||| READING scroll labelled XICUOSOLEB.
  5926 | D:6      | 5926 ||| READING scroll labelled KULAEWNENK.
  5927 | D:6      | 5927 ||| READING 3 scrolls of identify.
  5927 | D:6      | 5927 ||| IDENTIFYING metallic yellow potion
  5928 | D:6      | 5928 ||| READING 2 scrolls of identify.
  5928 | D:6      | 5928 ||| IDENTIFYING fizzy orange potion
  5977 | D:7      | 5977 ||| Stepping ~*~*~tactically~*~*~ (hiding).
  5979 | D:7      | 5979 ||| Stepping ~*~*~tactically~*~*~ (hiding).
  5982 | D:7      | 5982 ||| Stepping ~*~*~tactically~*~*~ (hiding).
  5986 | D:7      | 5986 ||| INVOKING Heroism.
  6017 | D:7      | Found a glowing golden altar of the Shining One.
  6041 | D:7      | 6041 ||| Stepping ~*~*~tactically~*~*~ (hiding).
  6059 | D:7      | Reached skill level 4 in Invocations
  6154 | D:7      | 6154 ||| INVOKING Heroism.
  6239 | D:7      | Found a shimmering blue altar of Sif Muna.
  6268 | D:7      | Noticed Prince Ribbit
  6282 | D:7      | Killed Prince Ribbit
  6365 | D:7      | 6365 ||| Stepping ~*~*~tactically~*~*~ (stealth).
  6368 | D:7      | 6368 ||| Stepping ~*~*~tactically~*~*~ (stealth).
  6373 | D:7      | 6373 ||| Stepping ~*~*~tactically~*~*~ (stealth).
  6397 | D:7      | 6397 ||| SWAPPING to +5 war axe.
  6398 | D:7      | 6398 ||| DROPPING +1 war axe.
  6404 | D:7      | 6404 ||| Stepping ~*~*~tactically~*~*~ (hiding).
  6405 | D:7      | 6405 ||| Stepping ~*~*~tactically~*~*~ (hiding).
  6407 | D:7      | Noticed a two-headed ogre
  6407 | D:7      | Identified the +7 long sword "Xutyfeu" {vorpal, rN+}
  6408 | D:7      | 6408 ||| INVOKING Heroism.
  6411 | D:7      | 6411 ||| Stepping ~*~*~tactically~*~*~ (stealth).
  6423 | D:7      | Killed a two-headed ogre
  6423 | D:7      | Reached *** piety under Okawaru
  6426 | D:7      | Reached skill level 6 in Armour
  6426 | D:7      | 6426 ||| Stepping ~*~*~tactically~*~*~ (hiding).
  6775 | D:8      | Reached XP level 11. HP: 70/74 MP: 14/14
  6937 | D:8      | Identified the +7 rapier "Josapped" {chaos, Contam rCorr
                  | MP+9}
  6974 | D:8      | Reached skill level 6 in Shields
  6976 | D:8      | 6976 ||| DROPPING +0 antimagic flail.
  6987 | D:8      | 6987 ||| INVOKING Heroism.
  7035 | D:8      | 7035 ||| INVOKING Heroism.
  7349 | D:8      | 7349 ||| INVOKING Heroism.
  7382 | D:8      | 7382 ||| INVOKING Heroism.
  7558 | D:8      | 7558 ||| Stepping ~*~*~tactically~*~*~ (hiding).
  7574 | D:8      | 7574 ||| UPGRADING to +0 plate armour.
  7584 | D:8      | 7584 ||| DROPPING +0 chain mail.
  7585 | D:8      | 7585 ||| READING scroll of enchant armour.
  7585 | D:8      | 7585 ||| ENCHANTING +0 plate armour.
  7586 | D:8      | 7586 ||| UPGRADING to amulet of regeneration.
  7661 | D:9      | 7661 ||| INVOKING Heroism.
  7664 | D:9      | 7664 ||| Stepping ~*~*~tactically~*~*~ (hiding).
  7672 | D:9      | 7672 ||| DRINKING 2 potions of curing.
  7672 | D:9      | 7672 ||| (to cure confusion)
  7685 | D:9      | Reached **** piety under Okawaru
  7742 | D:9      | Found a white marble altar of Elyvilon.
  8000 | D:9      | 8000 ||| UPGRADING to +4 ring of evasion.
  8001 | D:9      | 8001 ||| DRINKING 2 puce potions.
  8002 | D:9      | 8002 ||| DROPPING potion of brilliance.
  8015 | D:10     | Entered Level 10 of the Dungeon
  8070 | D:10     | Found an ancient bone altar of Kikubaaqudgha.
  8092 | D:10     | Found Quleupni's Book Boutique.
  8359 | D:10     | 8359 ||| Stepping ~*~*~tactically~*~*~ (stealth).
  8362 | D:10     | 8362 ||| INVOKING Heroism.
  8406 | D:10     | Found a flagged portal.
  8408 | D:10     | 8408 ||| INVOKING Heroism.
  8573 | D:10     | 8573 ||| Stepping ~*~*~tactically~*~*~ (hiding).
  8732 | D:10     | Found an ornate altar of the Wu Jian Council.
  9022 | D:10     | Reached skill level 5 in Invocations
  9083 | D:10     | Found an opulent altar of Gozag.
  9227 | D:10     | 9227 ||| UPGRADING to ring of positive energy.
  9279 | D:11     | 9279 ||| Stepping ~*~*~tactically~*~*~ (hiding).
  9280 | D:11     | 9280 ||| Stepping ~*~*~tactically~*~*~ (hiding).
  9281 | D:11     | 9281 ||| Stepping ~*~*~tactically~*~*~ (hiding).
  9285 | D:11     | 9285 ||| Stepping ~*~*~tactically~*~*~ (stealth).
  9286 | D:11     | 9286 ||| Stepping ~*~*~tactically~*~*~ (stealth).
  9289 | D:11     | 9289 ||| INVOKING Heroism.
  9316 | D:11     | Found a staircase to the Lair.
  9317 | D:11     | Found a staircase to the Orcish Mines.
  9367 | D:11     | Reached skill level 3 in Throwing
  9421 | D:11     | 9421 ||| INVOKING Heroism.
  9498 | D:11     | Noticed a cyclops
  9499 | D:11     | 9499 ||| Stepping ~*~*~tactically~*~*~ (hiding).
  9504 | D:11     | 9504 ||| INVOKING Heroism.
  9512 | D:11     | Killed a cyclops
  9513 | D:11     | Reached skill level 6 in Invocations
  9531 | D:11     | Noticed a manticore
  9532 | D:11     | 9532 ||| INVOKING Heroism.
  9542 | D:11     | Killed a manticore
  9594 | D:11     | 9594 ||| INVOKING Heroism.
  9627 | D:11     | Noticed a cyclops
  9628 | D:11     | 9628 ||| INVOKING Heroism.
  9639 | D:11     | Killed a cyclops
  9793 | D:11     | 9793 ||| Stepping ~*~*~tactically~*~*~ (stealth).
  9795 | D:11     | 9795 ||| INVOKING Heroism.
 10017 | D:11     | 10017 ||| PLANNING LAIR
 10017 | D:11     | 10017 ||| UPGRADING to ring of protection from fire.
 10019 | D:11     | 10019 ||| DROPPING ring of flight.
 10067 | Lair:1   | Entered Level 1 of the Lair of Beasts
 10182 | Lair:1   | 10182 ||| INVOKING Heroism.
 10279 | Lair:1   | Reached skill level 7 in Invocations
 10279 | Lair:1   | Reached XP level 12. HP: 80/80 MP: 17/17
 10360 | Lair:1   | 10360 ||| Stepping ~*~*~tactically~*~*~ (hiding).
 10364 | Lair:1   | 10364 ||| INVOKING Heroism.
 10553 | Lair:2   | 10553 ||| Stepping ~*~*~tactically~*~*~ (stealth).
 10559 | Lair:2   | 10559 ||| Stepping ~*~*~tactically~*~*~ (hiding).
 10564 | Lair:2   | 10564 ||| INVOKING Heroism.
 10585 | Lair:2   | Reached ***** piety under Okawaru
 10613 | Lair:2   | Reached skill level 9 in Armour
 10644 | Lair:2   | Noticed a six-headed hydra
 10646 | Lair:2   | 10646 ||| INVOKING Heroism.
 10647 | Lair:2   | 10647 ||| INVOKING Finesse.
 10652 | Lair:2   | Killed a six-headed hydra
 10652 | Lair:2   | Received a gift from Okawaru
 10653 | Lair:2   | Reached skill level 8 in Invocations
 10662 | Lair:2   | 10662 ||| Stepping ~*~*~tactically~*~*~ (stealth).
 10673 | Lair:2   | 10673 ||| Stepping ~*~*~tactically~*~*~ (stealth).
 10674 | Lair:2   | 10674 ||| Stepping ~*~*~tactically~*~*~ (stealth).
 10675 | Lair:2   | 10675 ||| Stepping ~*~*~tactically~*~*~ (stealth).
 10698 | Lair:2   | Reached skill level 9 in Invocations
 10732 | Lair:2   | Received a gift from Okawaru
 10762 | Lair:2   | 10762 ||| READING scroll of enchant armour.
 10762 | Lair:2   | 10762 ||| ENCHANTING +1 plate armour.
 10893 | Lair:2   | Found a staircase to the Snake Pit.
 11007 | Lair:2   | 11007 ||| Stepping ~*~*~tactically~*~*~ (stealth).
 11008 | Lair:2   | 11008 ||| Stepping ~*~*~tactically~*~*~ (stealth).
 11009 | Lair:2   | 11009 ||| Stepping ~*~*~tactically~*~*~ (stealth).
 11187 | Lair:2   | Found a dark tunnel.
 11246 | Lair:2   | Found a staircase to the Swamp.
 11249 | Lair:2   | 11249 ||| INVOKING Heroism.
 11292 | Lair:2   | 11292 ||| READING 6 scrolls of identify.
 11292 | Lair:2   | 11292 ||| IDENTIFYING fuming purple potion
 11293 | Lair:2   | 11293 ||| DROPPING potion of ambrosia.
 11454 | Lair:3   | 11454 ||| INVOKING Heroism.
 11662 | Lair:3   | Found the +2 shield of Resistance {rF++ rC++ Will++}
 12146 | Lair:3   | 12146 ||| UPGRADING to +2 shield of Resistance {rF++ rC++
                  | Will++}.
 12156 | Lair:3   | 12156 ||| DROPPING +0 buckler.
 12157 | Lair:3   | 12157 ||| DROPPING ring of wizardry.
 12158 | Lair:3   | 12158 ||| READING 3 scrolls labelled YTATON SITA.
 12159 | Lair:3   | 12159 ||| READING 5 scrolls of identify.
 12159 | Lair:3   | 12159 ||| IDENTIFYING bubbling purple potion
 12160 | Lair:3   | 12160 ||| DROPPING 2 scrolls of fog.
 12161 | Lair:3   | 12161 ||| DROPPING potion of degeneration.
 12217 | Lair:4   | 12217 ||| INVOKING Heroism.
 12260 | Lair:4   | 12260 ||| INVOKING Heroism.
 12269 | Lair:4   | Reached skill level 10 in Invocations
 12305 | Lair:4   | Noticed a catoblepas
 12306 | Lair:4   | 12306 ||| INVOKING Heroism.
 12307 | Lair:4   | 12307 ||| Stepping ~*~*~tactically~*~*~ (hiding).
 12312 | Lair:4   | 12312 ||| INVOKING Finesse.
 12321 | Lair:4   | Killed a catoblepas
 12322 | Lair:4   | Reached XP level 13. HP: 84/84 MP: 13/20
 12460 | Lair:4   | 12460 ||| Stepping ~*~*~tactically~*~*~ (stealth).
 12461 | Lair:4   | 12461 ||| INVOKING Heroism.
 12474 | Lair:4   | Identified the +3 broad axe of Integrity {pain, rElec rF-
                  | SInv Stlth+} (Okawaru gifted it to you on level 4 of the
                  | Lair of Beasts)
 12474 | Lair:4   | Received a gift from Okawaru
 12497 | Lair:4   | 12497 ||| SWAPPING to +3 broad axe of Integrity {pain,
                  | rElec rF- SInv Stlth+}.
 12562 | Lair:4   | Found a staircase to the Slime Pits.
 13238 | Lair:4   | 13238 ||| DROPPING amulet of faith.
 13239 | Lair:4   | 13239 ||| READING scroll labelled XALAOK MO TIU.
 13240 | Lair:4   | 13240 ||| READING 6 scrolls of identify.
 13240 | Lair:4   | 13240 ||| IDENTIFYING murky clear potion
 13241 | Lair:4   | 13241 ||| DROPPING potion of berserk rage.
 13271 | Lair:5   | Entered Level 5 of the Lair of Beasts
 13296 | Lair:5   | 13296 ||| INVOKING Heroism.
 13312 | Lair:5   | 13312 ||| Stepping ~*~*~tactically~*~*~ (stealth).
 13344 | Lair:5   | Reached skill level 9 in Shields
 13393 | Lair:5   | 13393 ||| INVOKING Heroism.
 13555 | Lair:5   | 13555 ||| INVOKING Heroism.
 13556 | Lair:5   | 13556 ||| Stepping ~*~*~tactically~*~*~ (stealth).
 13612 | Lair:5   | 13612 ||| INVOKING Heroism.
 13613 | Lair:5   | 13613 ||| INVOKING Finesse.
 13616 | Lair:5   | 13616 ||| SWAPPING to +5 flail.
 13628 | Lair:5   | 13628 ||| SWAPPING to +3 broad axe of Integrity {pain,
                  | rElec rF- SInv Stlth+}.
 13676 | Lair:5   | 13676 ||| INVOKING Heroism.
 13677 | Lair:5   | 13677 ||| INVOKING Finesse.
 13703 | Lair:5   | Received a gift from Okawaru
 13794 | Lair:5   | Found a runed translucent door.
 13795 | Lair:5   | Noticed a fire dragon
 13796 | Lair:5   | 13796 ||| INVOKING Heroism.
 13802 | Lair:5   | Received a gift from Okawaru
 13802 | Lair:5   | Found the +10 tower shield of Ignorance {rN+ Int-4}
 13834 | Lair:5   | 13834 ||| INVOKING Heroism.
 13861 | Lair:5   | 13861 ||| FLEEEEING.
 13862 | Lair:5   | 13862 ||| FLEEEEING.
 13863 | Lair:5   | 13863 ||| FLEEEEING.
 13903 | Lair:5   | 13903 ||| Stepping ~*~*~tactically~*~*~ (stealth).
 13925 | Lair:5   | 13925 ||| Stepping ~*~*~tactically~*~*~ (stealth).
 13927 | Lair:5   | 13927 ||| Stepping ~*~*~tactically~*~*~ (stealth).
 13936 | Lair:5   | 13936 ||| INVOKING Heroism.
 13976 | Lair:5   | 13976 ||| READING scroll of enchant armour.
 13976 | Lair:5   | 13976 ||| ENCHANTING +2 plate armour.
 14030 | Lair:5   | 14030 ||| INVOKING Heroism.
 14032 | Lair:5   | 14032 ||| Stepping ~*~*~tactically~*~*~ (stealth).
 14033 | Lair:5   | 14033 ||| Stepping ~*~*~tactically~*~*~ (stealth).
 14034 | Lair:5   | 14034 ||| Stepping ~*~*~tactically~*~*~ (stealth).
 14049 | Lair:5   | Reached skill level 12 in Shields
 14150 | Lair:5   | 14150 ||| INVOKING Heroism.
 14151 | Lair:5   | 14151 ||| INVOKING Finesse.
 14153 | Lair:5   | 14153 ||| SWAPPING to +5 flail.
 14164 | Lair:5   | 14164 ||| SWAPPING to +3 broad axe of Integrity {pain,
                  | rElec rF- SInv Stlth+}.
 14192 | Lair:5   | 14192 ||| Stepping ~*~*~tactically~*~*~ (stealth).
 14242 | Lair:5   | 14242 ||| INVOKING Heroism.
 14268 | Lair:5   | Gained mutation: Your large and strong wings let you fly.
                  | [Gargoyle growth]
 14268 | Lair:5   | Reached XP level 14. HP: 90/90 MP: 21/21
 14301 | Lair:5   | 14301 ||| Stepping ~*~*~tactically~*~*~ (stealth).
 14342 | Lair:5   | 14342 ||| Stepping ~*~*~tactically~*~*~ (stealth).
 14344 | Lair:5   | 14344 ||| Stepping ~*~*~tactically~*~*~ (stealth).
 14351 | Lair:5   | 14351 ||| INVOKING Heroism.
 14388 | Lair:5   | 14388 ||| Stepping ~*~*~tactically~*~*~ (stealth).
 14392 | Lair:5   | 14392 ||| Stepping ~*~*~tactically~*~*~ (stealth).
 14393 | Lair:5   | 14393 ||| Stepping ~*~*~tactically~*~*~ (stealth).
 14396 | Lair:5   | 14396 ||| INVOKING Heroism.
 14443 | Lair:5   | 14443 ||| Stepping ~*~*~tactically~*~*~ (stealth).
 14445 | Lair:5   | 14445 ||| Stepping ~*~*~tactically~*~*~ (stealth).
 14447 | Lair:5   | 14447 ||| Stepping ~*~*~tactically~*~*~ (stealth).
 14449 | Lair:5   | 14449 ||| INVOKING Heroism.
 14528 | Lair:5   | 14528 ||| Stepping ~*~*~tactically~*~*~ (stealth).
 14627 | Lair:5   | 14627 ||| PLANNING D
 14627 | Lair:5   | 14627 ||| UPGRADING to +10 tower shield of Ignorance {rN+
                  | Int-4}.
 14936 | D:12     | Found Faytihos's Antique Weapon Shoppe.
 14942 | D:12     | 14942 ||| BUYING broad axe (136 gold).
 14942 | D:12     | Bought a broad axe for 136 gold pieces
 14942 | D:12     | 14942 ||| BUYING runed flail (221 gold).
 14942 | D:12     | Bought a runed flail for 221 gold pieces
 14942 | D:12     | 14942 ||| DROPPING +5 war axe.
 14943 | D:12     | 14943 ||| DROPPING +2 vorpal flail.
 14970 | D:12     | Found an opulent altar of Gozag.
 15097 | D:12     | 15097 ||| INVOKING Heroism.
 15140 | D:12     | Received a gift from Okawaru
 15142 | D:12     | 15142 ||| DROPPING +2 mace of protection.
 15481 | D:13     | 15481 ||| INVOKING Heroism.
 15528 | D:13     | 15528 ||| INVOKING Heroism.
 15549 | D:13     | Noticed Jorgrun
 15550 | D:13     | 15550 ||| INVOKING Heroism.
 15551 | D:13     | 15551 ||| INVOKING Finesse.
 15571 | D:13     | Killed Jorgrun
 15572 | D:13     | 15572 ||| Stepping ~*~*~tactically~*~*~ (hiding).
 15585 | D:13     | 15585 ||| FLEEEEING.
 15586 | D:13     | 15586 ||| FLEEEEING.
 15587 | D:13     | 15587 ||| FLEEEEING.
 15588 | D:13     | 15588 ||| INVOKING Heroism.
 15697 | D:13     | 15697 ||| INVOKING Heroism.
 15728 | D:13     | 15728 ||| READING scroll of enchant armour.
 15728 | D:13     | 15728 ||| ENCHANTING +3 plate armour.
 15754 | D:13     | 15754 ||| Stepping ~*~*~tactically~*~*~ (stealth).
 15756 | D:13     | 15756 ||| Stepping ~*~*~tactically~*~*~ (hiding).
 15760 | D:13     | 15760 ||| INVOKING Heroism.
 16192 | D:14     | 16192 ||| DROPPING +0 vorpal mace.
 16323 | D:14     | 16323 ||| DRINKING 8 potions of curing.
 16323 | D:14     | 16323 ||| (to cure confusion)
 16325 | D:14     | 16325 ||| Stepping ~*~*~tactically~*~*~ (hiding).
 16327 | D:14     | 16327 ||| Stepping ~*~*~tactically~*~*~ (hiding).
 16333 | D:14     | 16333 ||| INVOKING Heroism.
 16413 | D:14     | 16413 ||| Stepping ~*~*~tactically~*~*~ (hiding).
 16426 | D:14     | 16426 ||| DRINKING 3 potions of cancellation.
 16429 | D:14     | 16429 ||| INVOKING Heroism.
 16435 | D:14     | 16435 ||| INVOKING Finesse.
 16435 | D:14     | HP: 15/90 [red devil/+0 trident (11)]
 16436 | D:14     | 16436 ||| READING 8 scrolls of teleportation.
 16437 | D:14     | 16437 ||| DRINKING 7 potions of heal wounds.
 16475 | D:14     | Identified the +3 kite shield of Morality {rN+} (Okawaru
                  | gifted it to you on level 14 of the Dungeon)
 16475 | D:14     | Received a gift from Okawaru
 16476 | D:14     | Reached skill level 15 in Shields
 16567 | D:14     | 16567 ||| Stepping ~*~*~tactically~*~*~ (stealth).
 16568 | D:14     | 16568 ||| Stepping ~*~*~tactically~*~*~ (stealth).
 16581 | D:14     | 16581 ||| INVOKING Heroism.
 16735 | D:14     | You are sucked into a shaft and drop 1 floor!
 16735 | D:15     | Entered Level 15 of the Dungeon
 16826 | D:15     | 16826 ||| Stepping ~*~*~tactically~*~*~ (stealth).
 16833 | D:15     | 16833 ||| Stepping ~*~*~tactically~*~*~ (stealth).
 16835 | D:15     | 16835 ||| Stepping ~*~*~tactically~*~*~ (stealth).
 16836 | D:15     | 16836 ||| INVOKING Heroism.
 16843 | D:15     | 16843 ||| Stepping ~*~*~tactically~*~*~ (stealth).
 16869 | D:15     | 16869 ||| Stepping ~*~*~tactically~*~*~ (stealth).
 16871 | D:15     | 16871 ||| Stepping ~*~*~tactically~*~*~ (hiding).
 16884 | D:15     | 16884 ||| INVOKING Heroism.
 16903 | D:15     | Reached XP level 15. HP: 72/94 MP: 22/22
 16950 | D:15     | Found a staircase to the Depths.
 17006 | D:14     | 17006 ||| INVOKING Heroism.
 17007 | D:14     | 17007 ||| INVOKING Finesse.
 17131 | D:14     | 17131 ||| Stepping ~*~*~tactically~*~*~ (stealth).
 17135 | D:14     | 17135 ||| INVOKING Heroism.
 17148 | D:14     | Reached skill level 15 in Axes
 17174 | D:14     | 17174 ||| INVOKING Heroism.
 17196 | D:14     | Found a gate to the Vaults.
 17371 | D:14     | 17371 ||| Stepping ~*~*~tactically~*~*~ (stealth).
 17373 | D:14     | 17373 ||| Stepping ~*~*~tactically~*~*~ (stealth).
 17375 | D:14     | 17375 ||| Stepping ~*~*~tactically~*~*~ (hiding).
 17434 | D:14     | 17434 ||| INVOKING Heroism.
 17435 | D:14     | 17435 ||| INVOKING Finesse.
 17491 | D:14     | 17491 ||| Stepping ~*~*~tactically~*~*~ (stealth).
 17492 | D:14     | 17492 ||| Stepping ~*~*~tactically~*~*~ (stealth).
 17493 | D:14     | 17493 ||| Stepping ~*~*~tactically~*~*~ (stealth).
 17495 | D:14     | 17495 ||| Stepping ~*~*~tactically~*~*~ (stealth).
 17496 | D:14     | 17496 ||| Stepping ~*~*~tactically~*~*~ (stealth).
 17644 | D:15     | 17644 ||| Stepping ~*~*~tactically~*~*~ (stealth).
 17646 | D:15     | 17646 ||| Stepping ~*~*~tactically~*~*~ (stealth).
 17654 | D:15     | 17654 ||| INVOKING Heroism.
 17725 | D:15     | 17725 ||| Stepping ~*~*~tactically~*~*~ (hiding).
 17738 | D:15     | 17738 ||| INVOKING Heroism.
 17781 | D:15     | Identified the +1 chain mail of the Earth {rC+++ Will+
                  | Str-2} (Okawaru gifted it to you on level 15 of the
                  | Dungeon)
 17781 | D:15     | Received a gift from Okawaru
 17809 | D:15     | 17809 ||| INVOKING Heroism.
 18282 | D:15     | 18282 ||| PLANNING ORC
 18363 | Orc:1    | Entered Level 1 of the Orcish Mines
 18374 | Orc:1    | 18374 ||| INVOKING Heroism.
 18427 | Orc:1    | Noticed Erolcha
 18428 | Orc:1    | 18428 ||| Stepping ~*~*~tactically~*~*~ (hiding).
 18429 | Orc:1    | 18429 ||| Stepping ~*~*~tactically~*~*~ (hiding).
 18431 | Orc:1    | 18431 ||| Stepping ~*~*~tactically~*~*~ (hiding).
 18437 | Orc:1    | 18437 ||| INVOKING Heroism.
 18444 | Orc:1    | Killed Erolcha
 18445 | Orc:1    | Reached skill level 12 in Fighting
 18586 | Orc:2    | Entered Level 2 of the Orcish Mines
 18586 | Orc:2    | Found a staircase to the Elven Halls.
 18587 | Orc:2    | 18587 ||| Stepping ~*~*~tactically~*~*~ (hiding).
 18588 | Orc:2    | 18588 ||| INVOKING Heroism.
 18678 | Orc:2    | 18678 ||| DROPPING +5 flail.
 18753 | Orc:2    | 18753 ||| Stepping ~*~*~tactically~*~*~ (hiding).
 18758 | Orc:2    | 18758 ||| INVOKING Heroism.
 18776 | Orc:2    | 18776 ||| Stepping ~*~*~tactically~*~*~ (hiding).
 18791 | Orc:2    | 18791 ||| INVOKING Heroism.
 18831 | Orc:2    | 18831 ||| INVOKING Heroism.
 18856 | Orc:2    | 18856 ||| FLEEEEING.
 18857 | Orc:2    | 18857 ||| FLEEEEING.
 18858 | Orc:2    | 18858 ||| FLEEEEING.
 18862 | Orc:2    | 18862 ||| FLEEEEING.
 18863 | Orc:2    | 18863 ||| FLEEEEING.
 18864 | Orc:2    | 18864 ||| FLEEEEING.
 18865 | Orc:2    | 18865 ||| FLEEEEING.
 18866 | Orc:2    | 18866 ||| FLEEEEING.
 18867 | Orc:2    | 18867 ||| FLEEEEING.
 18868 | Orc:2    | 18868 ||| FLEEEEING.
 18872 | Orc:2    | 18872 ||| STAIRDANCE
 19013 | Orc:2    | 19013 ||| Stepping ~*~*~tactically~*~*~ (stealth).
 19018 | Orc:2    | 19018 ||| INVOKING Heroism.
 19179 | Orc:2    | Found Macy's Jewellery Shop.
 19180 | Orc:2    | 19180 ||| Stepping ~*~*~tactically~*~*~ (hiding).
 19181 | Orc:2    | 19181 ||| Stepping ~*~*~tactically~*~*~ (hiding).
 19186 | Orc:2    | 19186 ||| INVOKING Heroism.
 19205 | Orc:2    | 19205 ||| BUYING amulet "Feroi" {Reflect +Inv rN+ SH+5
                  | Stlth+} (816 gold).
 19205 | Orc:2    | Bought the amulet "Feroi" {Reflect +Inv rN+ SH+5 Stlth+}
                  | for 816 gold pieces
 19205 | Orc:2    | 19205 ||| BUYING ring of ice (400 gold).
 19205 | Orc:2    | Bought a ring of ice for 400 gold pieces
 19205 | Orc:2    | 19205 ||| BUYING ring of protection from cold (400 gold).
 19205 | Orc:2    | Bought a ring of protection from cold for 400 gold pieces
 19205 | Orc:2    | 19205 ||| SHOPLISTING ring of protection from cold (400
                  | gold, have 151).
 19205 | Orc:2    | 19205 ||| SHOPLISTING ring of resist corrosion (320 gold,
                  | have 151).
 19205 | Orc:2    | 19205 ||| SHOPLISTING ring of willpower (400 gold, have
                  | 151).
 19210 | Orc:2    | Found Veimabekh's Antique Armour Emporium.
 19211 | Orc:2    | 19211 ||| INVOKING Heroism.
 19219 | Orc:2    | 19219 ||| INVOKING Finesse.
 19280 | Orc:2    | 19280 ||| SHOPLISTING glowing hat (224 gold, have 151).
 19280 | Orc:2    | 19280 ||| BUYING pair of gloves (144 gold).
 19280 | Orc:2    | Bought a pair of gloves for 144 gold pieces
 19280 | Orc:2    | 19280 ||| SHOPLISTING runed scarf (256 gold, have 7).
 19336 | Orc:2    | Found Paceaqeh's Antique Weapon Emporium.
 19337 | Orc:2    | 19337 ||| INVOKING Heroism.
 19340 | Orc:2    | 19340 ||| INVOKING Finesse.
 19438 | Orc:2    | Found Zyjiq's General Store.
 19439 | Orc:2    | 19439 ||| INVOKING Heroism.
 19474 | Orc:2    | 19474 ||| SHOPLISTING potion of haste (160 gold, have 17).
 19651 | Orc:2    | 19651 ||| INVOKING Heroism.
 19684 | Orc:2    | 19684 ||| UPGRADING to +0 pair of gloves.
 19689 | Orc:2    | 19689 ||| UPGRADING to amulet "Feroi" {Reflect +Inv rN+
                  | SH+5 Stlth+}.
 19699 | Orc:2    | 19699 ||| DROPPING amulet of regeneration.
 19700 | Orc:2    | 19700 ||| DROPPING ring of ice.
 19815 | Orc:1    | 19815 ||| INVOKING Heroism.
 19860 | Orc:1    | 19860 ||| INVOKING Heroism.
 19940 | Orc:1    | Found Kogax Imua's Mayhem Merchandise.
 20075 | Orc:1    | 20075 ||| PLANNING SNAKE:1-3
 20169 | Snake:1  | Entered Level 1 of the Snake Pit
 20320 | Snake:1  | 20320 ||| INVOKING Heroism.
 20359 | Snake:1  | 20359 ||| Stepping ~*~*~tactically~*~*~ (stealth).
 20474 | Snake:1  | 20474 ||| Stepping ~*~*~tactically~*~*~ (hiding).
 20486 | Snake:1  | Found Iboeh's Book Shoppe.
 20619 | Snake:1  | 20619 ||| Stepping ~*~*~tactically~*~*~ (hiding).
 20620 | Snake:1  | 20620 ||| Stepping ~*~*~tactically~*~*~ (stealth).
 20628 | Snake:1  | 20628 ||| INVOKING Heroism.
 20639 | Snake:1  | Found Muacwewn's Assorted Antiques.
 20644 | Snake:1  | Reached XP level 16. HP: 79/101 MP: 23/23
 20706 | Snake:1  | Found Ypedwea's Jewellery Shop.
 20706 | Snake:1  | Found Piroyl's Magic Scroll Emporium.
 20713 | Snake:1  | Found Gedoucs's Distillery.
 20715 | Snake:1  | 20715 ||| SHOPLISTING +6 ring of strength (540 gold, have
                  | 285).
 20715 | Snake:1  | 20715 ||| SHOPLISTING ring of Nisoebis {rF+ SInv} (543
                  | gold, have 285).
 20715 | Snake:1  | 20715 ||| SHOPLISTING ring of protection from fire (375
                  | gold, have 285).
 20716 | Snake:1  | Found Fejal's Armour Shop.
 20716 | Snake:1  | Found Feadafyl's General Store.
 20720 | Snake:1  | 20720 ||| BUYING potion of haste (160 gold).
 20720 | Snake:1  | Bought a potion of haste for 160 gold pieces
 20720 | Snake:1  | 20720 ||| BUYING potion of heal wounds (80 gold).
 20720 | Snake:1  | Bought a potion of heal wounds for 80 gold pieces
 20720 | Snake:1  | 20720 ||| SHOPLISTING potion of magic (128 gold, have 45).
 20720 | Snake:1  | 20720 ||| SHOPLISTING potion of might (64 gold, have 45).
 20725 | Snake:1  | 20725 ||| SHOPLISTING +5 plate armour of Taatuzou {rPois
                  | Will+} (1101 gold, have 45).
 20730 | Snake:1  | 20730 ||| SHOPLISTING +0 cloak (90 gold, have 45).
 20743 | Snake:1  | 20743 ||| SHOPLISTING scroll of acquirement (780 gold, have
                  | 45).
 20743 | Snake:1  | 20743 ||| SHOPLISTING scroll of enchant armour (112 gold,
                  | have 45).
 20748 | Snake:1  | 20748 ||| SHOPLISTING scroll of brand weapon (228 gold,
                  | have 45).
 20748 | Snake:1  | 20748 ||| SHOPLISTING scroll of enchant armour (180 gold,
                  | have 45).
 20748 | Snake:1  | 20748 ||| SHOPLISTING scroll of teleportation (72 gold,
                  | have 45).
 20748 | Snake:1  | 20748 ||| SHOPLISTING shiny plate armour (624 gold, have
                  | 45).
 20790 | Snake:1  | 20790 ||| Stepping ~*~*~tactically~*~*~ (hiding).
 20793 | Snake:1  | 20793 ||| INVOKING Heroism.
 20987 | Snake:1  | 20987 ||| Stepping ~*~*~tactically~*~*~ (hiding).
 21057 | Snake:2  | 21057 ||| Stepping ~*~*~tactically~*~*~ (hiding).
 21063 | Snake:2  | 21063 ||| Stepping ~*~*~tactically~*~*~ (stealth).
 21066 | Snake:2  | 21066 ||| Stepping ~*~*~tactically~*~*~ (hiding).
 21100 | Snake:2  | Received a gift from Okawaru
 21208 | Snake:2  | 21208 ||| Stepping ~*~*~tactically~*~*~ (hiding).
 21209 | Snake:2  | 21209 ||| Stepping ~*~*~tactically~*~*~ (hiding).
 21210 | Snake:2  | 21210 ||| Stepping ~*~*~tactically~*~*~ (hiding).
 21211 | Snake:2  | 21211 ||| Stepping ~*~*~tactically~*~*~ (hiding).
 21223 | Snake:2  | 21223 ||| INVOKING Heroism.
 21265 | Snake:2  | 21265 ||| Stepping ~*~*~tactically~*~*~ (stealth).
 21269 | Snake:2  | 21269 ||| Stepping ~*~*~tactically~*~*~ (stealth).
 21276 | Snake:2  | 21276 ||| Stepping ~*~*~tactically~*~*~ (stealth).
 21283 | Snake:2  | 21283 ||| Stepping ~*~*~tactically~*~*~ (stealth).
 21315 | Snake:2  | 21315 ||| INVOKING Heroism.
 21339 | Snake:2  | Reached skill level 3 in Dodging
 21350 | Snake:2  | 21350 ||| Stepping ~*~*~tactically~*~*~ (stealth).
 21351 | Snake:2  | 21351 ||| Stepping ~*~*~tactically~*~*~ (stealth).
 21354 | Snake:2  | 21354 ||| Stepping ~*~*~tactically~*~*~ (stealth).
 21355 | Snake:2  | 21355 ||| Stepping ~*~*~tactically~*~*~ (stealth).
 21368 | Snake:2  | 21368 ||| INVOKING Heroism.
 21372 | Snake:2  | Received a gift from Okawaru
 21473 | Snake:2  | 21473 ||| SWAPPING to +0 vampiric war axe.
 21474 | Snake:2  | 21474 ||| READING scroll of enchant weapon.
 21474 | Snake:2  | 21474 ||| ENCHANTING +0 vampiric war axe.
 21607 | Snake:2  | 21607 ||| Stepping ~*~*~tactically~*~*~ (hiding).
 21608 | Snake:2  | 21608 ||| Stepping ~*~*~tactically~*~*~ (hiding).
 21610 | Snake:2  | 21610 ||| Stepping ~*~*~tactically~*~*~ (hiding).
 21666 | Snake:2  | Found Izafeno's Magic Scroll Shoppe.
 21686 | Snake:2  | 21686 ||| BUYING scroll of enchant armour (127 gold).
 21686 | Snake:2  | Bought a scroll of enchant armour for 127 gold pieces
 21686 | Snake:2  | 21686 ||| SHOPLISTING scroll of enchant armour (127 gold,
                  | have 4).
 21686 | Snake:2  | 21686 ||| SHOPLISTING scroll of enchant weapon (127 gold,
                  | have 4).
 21686 | Snake:2  | 21686 ||| SHOPLISTING scroll of teleportation (51 gold,
                  | have 4).
 21686 | Snake:2  | 21686 ||| READING scroll of enchant armour.
 21686 | Snake:2  | 21686 ||| ENCHANTING +0 pair of gloves.
 21722 | Snake:2  | 21722 ||| Stepping ~*~*~tactically~*~*~ (hiding).
 21724 | Snake:2  | 21724 ||| Stepping ~*~*~tactically~*~*~ (hiding).
 21725 | Snake:2  | 21725 ||| Stepping ~*~*~tactically~*~*~ (hiding).
 21746 | Snake:2  | 21746 ||| Stepping ~*~*~tactically~*~*~ (hiding).
 21748 | Snake:2  | 21748 ||| Stepping ~*~*~tactically~*~*~ (hiding).
 21749 | Snake:2  | 21749 ||| Stepping ~*~*~tactically~*~*~ (hiding).
 21751 | Snake:2  | 21751 ||| Stepping ~*~*~tactically~*~*~ (hiding).
 21754 | Snake:2  | 21754 ||| INVOKING Heroism.
 21771 | Snake:2  | 21771 ||| Stepping ~*~*~tactically~*~*~ (stealth).
 21772 | Snake:2  | 21772 ||| Stepping ~*~*~tactically~*~*~ (stealth).
 21774 | Snake:2  | 21774 ||| Stepping ~*~*~tactically~*~*~ (hiding).
 21782 | Snake:2  | 21782 ||| INVOKING Heroism.
 21788 | Snake:2  | Received a gift from Okawaru
 21961 | Snake:2  | 21961 ||| UPGRADING to +0 cloak.
 21966 | Snake:2  | 21966 ||| READING scroll labelled WEENEL DAEFAS.
 21991 | Snake:3  | 21991 ||| INVOKING Heroism.
 22085 | Snake:3  | Identified the ring "Yppiugaf" {AC+4 Int+4}
 22123 | Snake:3  | 22123 ||| Stepping ~*~*~tactically~*~*~ (stealth).
 22124 | Snake:3  | 22124 ||| Stepping ~*~*~tactically~*~*~ (stealth).
 22204 | Snake:3  | 22204 ||| INVOKING Heroism.
 22209 | Snake:3  | Reached skill level 12 in Armour
 22320 | Snake:3  | 22320 ||| Stepping ~*~*~tactically~*~*~ (hiding).
 22325 | Snake:3  | 22325 ||| INVOKING Heroism.
 22328 | Snake:3  | Noticed a nagaraja
 22339 | Snake:3  | Killed a nagaraja
 22462 | Snake:3  | 22462 ||| Stepping ~*~*~tactically~*~*~ (hiding).
 22513 | Snake:3  | 22513 ||| INVOKING Heroism.
 22527 | Snake:3  | Noticed Azrael
 22528 | Snake:3  | 22528 ||| INVOKING Finesse.
 22554 | Snake:3  | Killed Azrael
 22557 | Snake:3  | Reached skill level 6 in Throwing
 22765 | Snake:3  | Received a gift from Okawaru
 22816 | Snake:3  | Noticed Aizul
 22817 | Snake:3  | 22817 ||| INVOKING Heroism.
 22818 | Snake:3  | 22818 ||| INVOKING Finesse.
 22839 | Snake:3  | Killed Aizul
 22971 | Snake:3  | 22971 ||| INVOKING Heroism.
 22992 | Snake:3  | Noticed a nagaraja
 23007 | Snake:3  | Killed a nagaraja
 23007 | Snake:3  | Received a gift from Okawaru
 23098 | Snake:3  | 23098 ||| PLANNING SWAMP:1-3
 23098 | Snake:3  | 23098 ||| DROPPING ring of positive energy.
 23099 | Snake:3  | 23099 ||| UPGRADING to ring "Yppiugaf" {AC+4 Int+4}.
 23249 | Swamp:1  | Entered Level 1 of the Swamp
 23274 | Swamp:1  | 23274 ||| Stepping ~*~*~tactically~*~*~ (hiding).
 23277 | Swamp:1  | 23277 ||| Stepping ~*~*~tactically~*~*~ (hiding).
 23322 | Swamp:1  | 23322 ||| Stepping ~*~*~tactically~*~*~ (hiding).
 23710 | Swamp:1  | Reached XP level 17. HP: 108/108 MP: 24/24
 23714 | Swamp:1  | 23714 ||| INVOKING Heroism.
 23715 | Swamp:1  | 23715 ||| SWAPPING to +0 morningstar.
 23721 | Swamp:1  | 23721 ||| SWAPPING to +1 vampiric war axe.
 23782 | Swamp:1  | 23782 ||| INVOKING Heroism.
 23828 | Swamp:1  | 23828 ||| Stepping ~*~*~tactically~*~*~ (hiding).
 23830 | Swamp:1  | 23830 ||| Stepping ~*~*~tactically~*~*~ (hiding).
 23841 | Swamp:1  | Noticed Nikola
 23842 | Swamp:1  | 23842 ||| Stepping ~*~*~tactically~*~*~ (hiding).
 23843 | Swamp:1  | 23843 ||| INVOKING Heroism.
 23845 | Swamp:1  | 23845 ||| INVOKING Finesse.
 23869 | Swamp:1  | Killed Nikola
 23904 | Swamp:1  | 23904 ||| INVOKING Heroism.
 23986 | Swamp:1  | Received a gift from Okawaru
 24134 | Swamp:1  | 24134 ||| INVOKING Heroism.
 24198 | Swamp:1  | 24198 ||| Stepping ~*~*~tactically~*~*~ (stealth).
 24200 | Swamp:1  | 24200 ||| Stepping ~*~*~tactically~*~*~ (stealth).
 24205 | Swamp:1  | 24205 ||| INVOKING Heroism.
 24208 | Swamp:1  | HP: 24/109 [will-o-the-wisp/foxfire (6)]
 24209 | Swamp:1  | 24209 ||| READING 9 scrolls of teleportation.
 24210 | Swamp:1  | 24210 ||| DRINKING 10 potions of heal wounds.
 24213 | Swamp:1  | 24213 ||| DRINKING 9 potions of heal wounds.
 24223 | Swamp:1  | HP: 25/109 [will-o-the-wisp/foxfire (4)]
 24224 | Swamp:1  | 24224 ||| READING 8 scrolls of teleportation.
 24225 | Swamp:1  | 24225 ||| DRINKING 8 potions of heal wounds.
 24411 | Swamp:1  | 24411 ||| Stepping ~*~*~tactically~*~*~ (stealth).
 24422 | Swamp:1  | 24422 ||| Stepping ~*~*~tactically~*~*~ (stealth).
 24423 | Swamp:1  | 24423 ||| Stepping ~*~*~tactically~*~*~ (stealth).
 24428 | Swamp:1  | 24428 ||| INVOKING Heroism.
 24674 | Swamp:1  | Identified the +2 hat "Lavifik" {Rampage Drain rC+++ Str-4}
 24773 | Swamp:1  | 24773 ||| UPGRADING to +2 cloak.
 24783 | Swamp:1  | 24783 ||| DROPPING +0 cloak.
 24784 | Swamp:1  | 24784 ||| UPGRADING to +2 pair of gloves.
 24794 | Swamp:1  | 24794 ||| DROPPING +1 pair of gloves.
 24795 | Swamp:1  | 24795 ||| UPGRADING to +2 hat "Lavifik" {Rampage Drain
                  | rC+++ Str-4}.
 24805 | Swamp:1  | 24805 ||| DROPPING ring of see invisible.
 24822 | Swamp:2  | 24822 ||| INVOKING Heroism.
 24844 | Swamp:2  | Noticed Mlioglotl
 24845 | Swamp:2  | 24845 ||| INVOKING Heroism.
 24846 | Swamp:2  | 24846 ||| INVOKING Finesse.
 24865 | Swamp:2  | Killed Mlioglotl
 24924 | Swamp:2  | 24924 ||| Stepping ~*~*~tactically~*~*~ (stealth).
 24945 | Swamp:2  | Noticed a tentacled monstrosity
 24946 | Swamp:2  | 24946 ||| INVOKING Heroism.
 24947 | Swamp:2  | 24947 ||| INVOKING Finesse.
 24962 | Swamp:2  | Killed a tentacled monstrosity
 24963 | Swamp:2  | Reached skill level 18 in Shields
 24990 | Swamp:2  | 24990 ||| Stepping ~*~*~tactically~*~*~ (stealth).
 24992 | Swamp:2  | 24992 ||| Stepping ~*~*~tactically~*~*~ (hiding).
 25023 | Swamp:2  | 25023 ||| INVOKING Heroism.
 25038 | Swamp:2  | Identified the +11 war axe of a Gauntlet {protect, *Rage
                  | Fly rN+ rCorr} (Okawaru gifted it to you on level 2 of the
                  | Swamp)
 25038 | Swamp:2  | Received a gift from Okawaru
 25052 | Swamp:2  | 25052 ||| DROPPING +11 war axe of a Gauntlet {protect,
                  | *Rage Fly rN+ rCorr}.
 25068 | Swamp:2  | 25068 ||| SWAPPING to +0 morningstar.
 25069 | Swamp:2  | 25069 ||| Stepping ~*~*~tactically~*~*~ (outnumbered).
 25073 | Swamp:2  | 25073 ||| Stepping ~*~*~tactically~*~*~ (outnumbered).
 25074 | Swamp:2  | 25074 ||| Stepping ~*~*~tactically~*~*~ (outnumbered).
 25075 | Swamp:2  | 25075 ||| Stepping ~*~*~tactically~*~*~ (outnumbered).
 25076 | Swamp:2  | 25076 ||| Stepping ~*~*~tactically~*~*~ (outnumbered).
 25078 | Swamp:2  | HP: 16/111 [will-o-the-wisp/foxfire (18)]
 25079 | Swamp:2  | 25079 ||| READING 7 scrolls of teleportation.
 25079 | Swamp:2  | HP: 3/111 [eight-headed hydra (8)]
 25080 | Swamp:2  | 25080 ||| DRINKING 7 potions of heal wounds.
 25081 | Swamp:2  | 25081 ||| Stepping ~*~*~tactically~*~*~ (outnumbered).
 25084 | Swamp:2  | HP: 17/111 [spore (14)]
 25085 | Swamp:2  | 25085 ||| READING 6 scrolls of teleportation.
 25086 | Swamp:2  | 25086 ||| DRINKING 6 potions of heal wounds.
 25089 | Swamp:2  | 25089 ||| SWAPPING to +1 vampiric war axe.
 25096 | Swamp:2  | 25096 ||| INVOKING Heroism.
 25201 | Swamp:2  | Noticed a tentacled monstrosity
 25202 | Swamp:2  | 25202 ||| INVOKING Heroism.
 25203 | Swamp:2  | 25203 ||| INVOKING Finesse.
 25211 | Swamp:2  | Killed a tentacled monstrosity
 25251 | Swamp:2  | 25251 ||| INVOKING Heroism.
 25279 | Swamp:2  | 25279 ||| FLEEEEING.
 25280 | Swamp:2  | 25280 ||| FLEEEEING.
 25281 | Swamp:2  | 25281 ||| FLEEEEING.
 25282 | Swamp:2  | 25282 ||| FLEEEEING.
 25283 | Swamp:2  | 25283 ||| FLEEEEING.
 25284 | Swamp:2  | 25284 ||| FLEEEEING.
 25285 | Swamp:2  | 25285 ||| FLEEEEING.
 25286 | Swamp:2  | 25286 ||| FLEEEEING.
 25287 | Swamp:2  | 25287 ||| FLEEEEING.
 25579 | Swamp:2  | 25579 ||| READING scroll of enchant weapon.
 25579 | Swamp:2  | 25579 ||| ENCHANTING +1 vampiric war axe.
 25588 | Swamp:2  | 25588 ||| INVOKING Heroism.
 25638 | Swamp:2  | Reached skill level 15 in Fighting
 25736 | Swamp:2  | 25736 ||| UPGRADING to +0 pair of boots.
 25838 | Swamp:3  | 25838 ||| Stepping ~*~*~tactically~*~*~ (stealth).
 25840 | Swamp:3  | 25840 ||| INVOKING Heroism.
 25904 | Swamp:3  | 25904 ||| Stepping ~*~*~tactically~*~*~ (hiding).
 26018 | Swamp:3  | 26018 ||| Stepping ~*~*~tactically~*~*~ (hiding).
 26019 | Swamp:3  | 26019 ||| Stepping ~*~*~tactically~*~*~ (hiding).
 26020 | Swamp:3  | 26020 ||| INVOKING Heroism.
 26088 | Swamp:3  | 26088 ||| INVOKING Heroism.
 26219 | Swamp:3  | Identified the +1 scale mail of Famemmoxac {+Blink Will+
                  | Str-3 Stlth+}
 26242 | Swamp:3  | 26242 ||| INVOKING Heroism.
 26253 | Swamp:3  | 26253 ||| Stepping ~*~*~tactically~*~*~ (cloud).
 26334 | Swamp:3  | 26334 ||| Stepping ~*~*~tactically~*~*~ (hiding).
 26619 | Swamp:3  | 26619 ||| PLANNING SNAKE:4
 26754 | Snake:4  | Entered Level 4 of the Snake Pit
 26757 | Snake:4  | 26757 ||| Stepping ~*~*~tactically~*~*~ (stealth).
 26758 | Snake:4  | 26758 ||| Stepping ~*~*~tactically~*~*~ (stealth).
 26764 | Snake:4  | Received a gift from Okawaru
 26809 | Snake:4  | 26809 ||| INVOKING Heroism.
 26858 | Snake:4  | Received a gift from Okawaru
 26860 | Snake:4  | 26860 ||| DROPPING +1 war axe of distortion.
 26915 | Snake:4  | 26915 ||| INVOKING Heroism.
 27086 | Snake:4  | 27086 ||| Stepping ~*~*~tactically~*~*~ (hiding).
 27087 | Snake:4  | 27087 ||| Stepping ~*~*~tactically~*~*~ (hiding).
 27105 | Snake:4  | 27105 ||| Stepping ~*~*~tactically~*~*~ (stealth).
 27107 | Snake:4  | 27107 ||| Stepping ~*~*~tactically~*~*~ (hiding).
 27111 | Snake:4  | 27111 ||| INVOKING Heroism.
 27151 | Snake:4  | 27151 ||| Stepping ~*~*~tactically~*~*~ (hiding).
 27179 | Snake:4  | 27179 ||| INVOKING Heroism.
 27182 | Snake:4  | Reached XP level 18. HP: 88/119 MP: 22/25
 27238 | Snake:4  | 27238 ||| DROPPING +0 morningstar.
 27246 | Snake:4  | 27246 ||| Stepping ~*~*~tactically~*~*~ (stealth).
 27247 | Snake:4  | 27247 ||| Stepping ~*~*~tactically~*~*~ (hiding).
 27296 | Snake:4  | 27296 ||| Stepping ~*~*~tactically~*~*~ (stealth).
 27298 | Snake:4  | 27298 ||| Stepping ~*~*~tactically~*~*~ (stealth).
 27300 | Snake:4  | 27300 ||| INVOKING Heroism.
 27303 | Snake:4  | Received a gift from Okawaru
 27322 | Snake:4  | Noticed Vashnia
 27332 | Snake:4  | HP: 28/119 [anaconda (4)]
 27333 | Snake:4  | 27333 ||| READING 6 scrolls of teleportation.
 27334 | Snake:4  | 27334 ||| DRINKING 6 potions of heal wounds.
 27338 | Snake:4  | 27338 ||| INVOKING Heroism.
 27346 | Snake:4  | Received a gift from Okawaru
 27411 | Snake:4  | 27411 ||| Stepping ~*~*~tactically~*~*~ (stealth).
 27429 | Snake:4  | Reached skill level 15 in Armour
 27437 | Snake:4  | 27437 ||| Stepping ~*~*~tactically~*~*~ (hiding).
 27442 | Snake:4  | 27442 ||| INVOKING Heroism.
 27546 | Snake:4  | 27546 ||| Stepping ~*~*~tactically~*~*~ (stealth).
 27569 | Snake:4  | 27569 ||| Stepping ~*~*~tactically~*~*~ (stealth).
 27631 | Snake:4  | 27631 ||| Stepping ~*~*~tactically~*~*~ (stealth).
 27633 | Snake:4  | 27633 ||| Stepping ~*~*~tactically~*~*~ (stealth).
 27635 | Snake:4  | 27635 ||| Stepping ~*~*~tactically~*~*~ (stealth).
 27637 | Snake:4  | 27637 ||| Stepping ~*~*~tactically~*~*~ (stealth).
 27639 | Snake:4  | 27639 ||| Stepping ~*~*~tactically~*~*~ (stealth).
 27641 | Snake:4  | 27641 ||| Stepping ~*~*~tactically~*~*~ (stealth).
 27643 | Snake:4  | 27643 ||| Stepping ~*~*~tactically~*~*~ (stealth).
 27645 | Snake:4  | 27645 ||| Stepping ~*~*~tactically~*~*~ (stealth).
 27647 | Snake:4  | 27647 ||| Stepping ~*~*~tactically~*~*~ (stealth).
 27649 | Snake:4  | 27649 ||| Stepping ~*~*~tactically~*~*~ (stealth).
 27651 | Snake:4  | 27651 ||| Stepping ~*~*~tactically~*~*~ (stealth).
 27653 | Snake:4  | 27653 ||| Stepping ~*~*~tactically~*~*~ (stealth).
 27655 | Snake:4  | 27655 ||| Stepping ~*~*~tactically~*~*~ (stealth).
 27657 | Snake:4  | 27657 ||| Stepping ~*~*~tactically~*~*~ (stealth).
 27659 | Snake:4  | 27659 ||| Stepping ~*~*~tactically~*~*~ (stealth).
 27661 | Snake:4  | 27661 ||| Stepping ~*~*~tactically~*~*~ (stealth).
 27663 | Snake:4  | 27663 ||| Stepping ~*~*~tactically~*~*~ (stealth).
 27665 | Snake:4  | 27665 ||| Stepping ~*~*~tactically~*~*~ (stealth).
 27667 | Snake:4  | 27667 ||| Stepping ~*~*~tactically~*~*~ (stealth).
 27669 | Snake:4  | 27669 ||| Stepping ~*~*~tactically~*~*~ (stealth).
 27671 | Snake:4  | 27671 ||| Stepping ~*~*~tactically~*~*~ (stealth).
 27673 | Snake:4  | 27673 ||| Stepping ~*~*~tactically~*~*~ (stealth).
 27675 | Snake:4  | 27675 ||| Stepping ~*~*~tactically~*~*~ (stealth).
 27677 | Snake:4  | 27677 ||| Stepping ~*~*~tactically~*~*~ (stealth).
 27679 | Snake:4  | 27679 ||| Stepping ~*~*~tactically~*~*~ (stealth).
 27681 | Snake:4  | 27681 ||| Stepping ~*~*~tactically~*~*~ (stealth).
 27683 | Snake:4  | 27683 ||| Stepping ~*~*~tactically~*~*~ (stealth).
 27685 | Snake:4  | 27685 ||| Stepping ~*~*~tactically~*~*~ (stealth).
 27687 | Snake:4  | 27687 ||| Stepping ~*~*~tactically~*~*~ (stealth).
 27689 | Snake:4  | 27689 ||| Stepping ~*~*~tactically~*~*~ (stealth).
 27691 | Snake:4  | 27691 ||| Stepping ~*~*~tactically~*~*~ (stealth).
 27693 | Snake:4  | 27693 ||| Stepping ~*~*~tactically~*~*~ (stealth).
 27695 | Snake:4  | 27695 ||| Stepping ~*~*~tactically~*~*~ (stealth).
 27697 | Snake:4  | 27697 ||| Stepping ~*~*~tactically~*~*~ (stealth).
 27699 | Snake:4  | 27699 ||| Stepping ~*~*~tactically~*~*~ (stealth).
 27701 | Snake:4  | 27701 ||| Stepping ~*~*~tactically~*~*~ (stealth).
 27703 | Snake:4  | 27703 ||| Stepping ~*~*~tactically~*~*~ (stealth).
 27705 | Snake:4  | 27705 ||| Stepping ~*~*~tactically~*~*~ (stealth).
 27722 | Snake:4  | 27722 ||| Stepping ~*~*~tactically~*~*~ (stealth).
 27724 | Snake:4  | 27724 ||| Stepping ~*~*~tactically~*~*~ (stealth).
 27726 | Snake:4  | 27726 ||| Stepping ~*~*~tactically~*~*~ (stealth).
 27728 | Snake:4  | 27728 ||| Stepping ~*~*~tactically~*~*~ (stealth).
 27730 | Snake:4  | 27730 ||| Stepping ~*~*~tactically~*~*~ (stealth).
 27732 | Snake:4  | 27732 ||| Stepping ~*~*~tactically~*~*~ (stealth).
 27734 | Snake:4  | 27734 ||| Stepping ~*~*~tactically~*~*~ (stealth).
 27736 | Snake:4  | 27736 ||| Stepping ~*~*~tactically~*~*~ (stealth).
 27738 | Snake:4  | 27738 ||| Stepping ~*~*~tactically~*~*~ (stealth).
 27740 | Snake:4  | 27740 ||| Stepping ~*~*~tactically~*~*~ (stealth).
 27742 | Snake:4  | 27742 ||| Stepping ~*~*~tactically~*~*~ (stealth).
 27744 | Snake:4  | 27744 ||| Stepping ~*~*~tactically~*~*~ (stealth).
 27746 | Snake:4  | 27746 ||| Stepping ~*~*~tactically~*~*~ (stealth).
 27748 | Snake:4  | 27748 ||| Stepping ~*~*~tactically~*~*~ (stealth).
 27750 | Snake:4  | 27750 ||| Stepping ~*~*~tactically~*~*~ (stealth).
 27752 | Snake:4  | 27752 ||| Stepping ~*~*~tactically~*~*~ (stealth).
 27754 | Snake:4  | 27754 ||| Stepping ~*~*~tactically~*~*~ (stealth).
 27756 | Snake:4  | 27756 ||| Stepping ~*~*~tactically~*~*~ (stealth).
 27758 | Snake:4  | 27758 ||| Stepping ~*~*~tactically~*~*~ (stealth).
 27760 | Snake:4  | 27760 ||| Stepping ~*~*~tactically~*~*~ (stealth).
 27762 | Snake:4  | 27762 ||| Stepping ~*~*~tactically~*~*~ (stealth).
 27764 | Snake:4  | 27764 ||| Stepping ~*~*~tactically~*~*~ (stealth).
 27766 | Snake:4  | 27766 ||| Stepping ~*~*~tactically~*~*~ (stealth).
 27768 | Snake:4  | 27768 ||| Stepping ~*~*~tactically~*~*~ (stealth).
 27770 | Snake:4  | 27770 ||| Stepping ~*~*~tactically~*~*~ (stealth).
 27772 | Snake:4  | 27772 ||| Stepping ~*~*~tactically~*~*~ (stealth).
 27774 | Snake:4  | 27774 ||| Stepping ~*~*~tactically~*~*~ (stealth).
 27776 | Snake:4  | 27776 ||| Stepping ~*~*~tactically~*~*~ (stealth).
 27778 | Snake:4  | 27778 ||| Stepping ~*~*~tactically~*~*~ (stealth).
 27780 | Snake:4  | 27780 ||| Stepping ~*~*~tactically~*~*~ (stealth).
 27782 | Snake:4  | 27782 ||| Stepping ~*~*~tactically~*~*~ (stealth).
 27784 | Snake:4  | 27784 ||| Stepping ~*~*~tactically~*~*~ (stealth).
 27786 | Snake:4  | 27786 ||| Stepping ~*~*~tactically~*~*~ (stealth).
 27788 | Snake:4  | 27788 ||| Stepping ~*~*~tactically~*~*~ (stealth).
 27790 | Snake:4  | 27790 ||| Stepping ~*~*~tactically~*~*~ (stealth).
 27792 | Snake:4  | 27792 ||| Stepping ~*~*~tactically~*~*~ (stealth).
 27794 | Snake:4  | 27794 ||| Stepping ~*~*~tactically~*~*~ (stealth).
 27796 | Snake:4  | 27796 ||| Stepping ~*~*~tactically~*~*~ (stealth).
 27798 | Snake:4  | 27798 ||| Stepping ~*~*~tactically~*~*~ (stealth).
 27800 | Snake:4  | 27800 ||| Stepping ~*~*~tactically~*~*~ (stealth).
 27802 | Snake:4  | 27802 ||| Stepping ~*~*~tactically~*~*~ (stealth).
 27804 | Snake:4  | 27804 ||| Stepping ~*~*~tactically~*~*~ (stealth).
 27806 | Snake:4  | 27806 ||| Stepping ~*~*~tactically~*~*~ (stealth).
 27808 | Snake:4  | 27808 ||| Stepping ~*~*~tactically~*~*~ (stealth).
 27810 | Snake:4  | 27810 ||| Stepping ~*~*~tactically~*~*~ (stealth).
 27812 | Snake:4  | 27812 ||| Stepping ~*~*~tactically~*~*~ (stealth).
 27814 | Snake:4  | 27814 ||| Stepping ~*~*~tactically~*~*~ (stealth).
 27816 | Snake:4  | 27816 ||| Stepping ~*~*~tactically~*~*~ (stealth).
 27818 | Snake:4  | 27818 ||| Stepping ~*~*~tactically~*~*~ (stealth).
 27820 | Snake:4  | 27820 ||| Stepping ~*~*~tactically~*~*~ (stealth).
 28139 | Snake:4  | 28139 ||| Stepping ~*~*~tactically~*~*~ (hiding).
 28147 | Snake:4  | 28147 ||| INVOKING Heroism.
 28211 | Snake:4  | 28211 ||| Stepping ~*~*~tactically~*~*~ (hiding).
 28214 | Snake:4  | 28214 ||| INVOKING Heroism.
 28240 | Snake:4  | 28240 ||| Stepping ~*~*~tactically~*~*~ (hiding).
 28264 | Snake:4  | 28264 ||| Stepping ~*~*~tactically~*~*~ (hiding).
 28265 | Snake:4  | 28265 ||| Stepping ~*~*~tactically~*~*~ (hiding).
 28270 | Snake:4  | 28270 ||| INVOKING Heroism.
 28276 | Snake:4  | Killed Vashnia
 28276 | Snake:4  | Received a gift from Okawaru
 28294 | Snake:4  | Received a gift from Okawaru
 28300 | Snake:4  | 28300 ||| INVOKING Heroism.
 28323 | Snake:4  | Received a gift from Okawaru
 28494 | Snake:4  | Got a serpentine rune of Zot
 28621 | Snake:4  | 28621 ||| INVOKING Heroism.
 28724 | Snake:4  | 28724 ||| PLANNING VAULTS:1-4
 28724 | Snake:4  | 28724 ||| DROPPING scarf of invisibility.
 28725 | Snake:4  | 28725 ||| READING scroll labelled EFUDAE TIHEA.
 28725 | Snake:4  | Identified a scroll of acquirement
 28725 | Snake:4  | 28725 ||| ACQUIRING 1067 gold pieces
 28725 | Snake:4  | Acquired 1067 gold pieces
 28922 | Vaults:1 | Entered Level 1 of the Vaults
 29056 | Vaults:1 | 29056 ||| INVOKING Heroism.
 29098 | Vaults:1 | 29098 ||| Stepping ~*~*~tactically~*~*~ (stealth).
 29106 | Vaults:1 | 29106 ||| INVOKING Heroism.
 29203 | Vaults:1 | 29203 ||| INVOKING Heroism.
 29344 | Vaults:1 | 29344 ||| INVOKING Heroism.
 29519 | Vaults:1 | 29519 ||| DRINKING potion of experience.
 29519 | Vaults:1 | Reached XP level 19. HP: 127/127 MP: 26/26
 29596 | Vaults:1 | 29596 ||| INVOKING Heroism.
 29598 | Vaults:1 | 29598 ||| INVOKING Finesse.
 29658 | Vaults:1 | Reached XP level 20. HP: 120/133 MP: 23/27
 29661 | Vaults:1 | Reached skill level 9 in Throwing
 29715 | Vaults:1 | 29715 ||| Stepping ~*~*~tactically~*~*~ (hiding).
 29732 | Vaults:1 | 29732 ||| INVOKING Heroism.
 29762 | Vaults:1 | Received a gift from Okawaru
 29974 | Vaults:1 | 29974 ||| DROPPING +3 war axe of venom.
 30144 | Vaults:1 | 30144 ||| DROPPING scarf of shadows.
 30145 | Vaults:1 | 30145 ||| READING 6 scrolls of teleportation.
 30354 | Vaults:1 | 30354 ||| Stepping ~*~*~tactically~*~*~ (stealth).
 30355 | Vaults:1 | 30355 ||| Stepping ~*~*~tactically~*~*~ (stealth).
 30362 | Vaults:1 | 30362 ||| INVOKING Heroism.
 30459 | Vaults:1 | Found Fuppul's Magic Scroll Shoppe.
 30468 | Vaults:1 | 30468 ||| BUYING scroll of enchant armour (135 gold).
 30468 | Vaults:1 | Bought a scroll of enchant armour for 135 gold pieces
 30468 | Vaults:1 | 30468 ||| BUYING scroll of teleportation (54 gold).
 30468 | Vaults:1 | Bought a scroll of teleportation for 54 gold pieces
 30468 | Vaults:1 | 30468 ||| BUYING scroll of teleportation (54 gold).
 30468 | Vaults:1 | Bought a scroll of teleportation for 54 gold pieces
 30468 | Vaults:1 | 30468 ||| READING scroll of enchant armour.
 30468 | Vaults:1 | 30468 ||| ENCHANTING +0 pair of boots.
 30630 | Vaults:1 | 30630 ||| UPGRADING to +2 pair of boots of rampaging.
 30640 | Vaults:1 | 30640 ||| DROPPING +1 pair of boots.
 30662 | Vaults:2 | 30662 ||| INVOKING Heroism.
 30716 | Vaults:2 | 30716 ||| Stepping ~*~*~tactically~*~*~ (stealth).
 30719 | Vaults:2 | 30719 ||| Stepping ~*~*~tactically~*~*~ (stealth).
 30720 | Vaults:2 | 30720 ||| Stepping ~*~*~tactically~*~*~ (stealth).
 30721 | Vaults:2 | 30721 ||| Stepping ~*~*~tactically~*~*~ (stealth).
 30724 | Vaults:2 | 30724 ||| Stepping ~*~*~tactically~*~*~ (hiding).
 30740 | Vaults:2 | 30740 ||| INVOKING Heroism.
 30885 | Vaults:2 | 30885 ||| FLEEEEING.
 30886 | Vaults:2 | 30886 ||| Stepping ~*~*~tactically~*~*~ (hiding).
 30887 | Vaults:2 | 30887 ||| FLEEEEING.
 30888 | Vaults:2 | 30888 ||| Stepping ~*~*~tactically~*~*~ (hiding).
 30891 | Vaults:2 | 30891 ||| INVOKING Heroism.
 30906 | Vaults:2 | 30906 ||| INVOKING Heroism.
 30925 | Vaults:2 | 30925 ||| INVOKING Heroism.
 30940 | Vaults:2 | Reached ****** piety under Okawaru
 30947 | Vaults:2 | Received a gift from Okawaru
 30949 | Vaults:2 | Reached skill level 18 in Fighting
 31006 | Vaults:2 | 31006 ||| INVOKING Heroism.
 31020 | Vaults:2 | 31020 ||| Stepping ~*~*~tactically~*~*~ (hiding).
 31038 | Vaults:2 | 31038 ||| Stepping ~*~*~tactically~*~*~ (hiding).
 31045 | Vaults:2 | 31045 ||| INVOKING Heroism.
 31130 | Vaults:2 | 31130 ||| FLEEEEING.
 31131 | Vaults:2 | 31131 ||| FLEEEEING.
 31132 | Vaults:2 | 31132 ||| FLEEEEING.
 31133 | Vaults:2 | 31133 ||| FLEEEEING.
 31134 | Vaults:2 | 31134 ||| FLEEEEING.
 31135 | Vaults:2 | 31135 ||| FLEEEEING.
 31136 | Vaults:2 | 31136 ||| FLEEEEING.
 31137 | Vaults:2 | 31137 ||| FLEEEEING.
 31138 | Vaults:2 | 31138 ||| FLEEEEING.
 31139 | Vaults:2 | 31139 ||| FLEEEEING.
 31140 | Vaults:2 | 31140 ||| FLEEEEING.
 31141 | Vaults:2 | 31141 ||| FLEEEEING.
 31142 | Vaults:2 | 31142 ||| FLEEEEING.
 31148 | Vaults:2 | 31148 ||| FLEEEEING.
 31149 | Vaults:2 | 31149 ||| FLEEEEING.
 31151 | Vaults:2 | 31151 ||| STAIRDANCE
 31323 | Vaults:2 | 31323 ||| STAIRDANCE
 31333 | Vaults:2 | 31333 ||| INVOKING Heroism.
 31578 | Vaults:2 | Noticed Margery
 31579 | Vaults:2 | 31579 ||| Stepping ~*~*~tactically~*~*~ (hiding).
 31580 | Vaults:2 | 31580 ||| DRINKING 4 potions of resistance.
 31581 | Vaults:2 | 31581 ||| INVOKING Heroism.
 31582 | Vaults:2 | 31582 ||| INVOKING Finesse.
 31597 | Vaults:2 | Killed Margery
 31645 | Vaults:2 | Received a gift from Okawaru
 31677 | Vaults:2 | 31677 ||| Stepping ~*~*~tactically~*~*~ (stealth).
 31679 | Vaults:2 | 31679 ||| Stepping ~*~*~tactically~*~*~ (stealth).
 31705 | Vaults:2 | 31705 ||| INVOKING Heroism.
 31705 | Abyss:2  | Cast into level 2 of the Abyss (a wizard)
 31716 | Vaults:2 | Escaped the Abyss
 31746 | Vaults:2 | Noticed Bai Suzhen
 31747 | Vaults:2 | 31747 ||| FLEEEEING.
 31754 | Vaults:2 | 31754 ||| INVOKING Heroism.
 31780 | Vaults:2 | Killed Bai Suzhen
 31781 | Vaults:2 | 31781 ||| Stepping ~*~*~tactically~*~*~ (cloud).
 32122 | Vaults:2 | Identified the +1 flail of the Tired Ultimatums {venom,
                  | Str+7}
 32236 | Vaults:2 | 32236 ||| INVOKING Heroism.
 32354 | Vaults:2 | 32354 ||| INVOKING Heroism.
 32727 | Vaults:2 | 32727 ||| UPGRADING to +2 plate armour of fire resistance.
 32737 | Vaults:2 | 32737 ||| DROPPING +1 helmet.
 32774 | Vaults:3 | 32774 ||| STAIRDANCE
 32787 | Vaults:3 | 32787 ||| STAIRDANCE
 32797 | Vaults:3 | 32797 ||| STAIRDANCE
 32807 | Vaults:2 | Received a gift from Okawaru
 32808 | Vaults:2 | Reached XP level 21. HP: 141/141 MP: 28/28
 32953 | Vaults:3 | 32953 ||| Stepping ~*~*~tactically~*~*~ (stealth).
 32955 | Vaults:3 | 32955 ||| Stepping ~*~*~tactically~*~*~ (hiding).
 32957 | Vaults:3 | 32957 ||| Stepping ~*~*~tactically~*~*~ (hiding).
 33038 | Vaults:3 | 33038 ||| Stepping ~*~*~tactically~*~*~ (stealth).
 33041 | Vaults:3 | 33041 ||| Stepping ~*~*~tactically~*~*~ (hiding).
 33078 | Vaults:3 | 33078 ||| Stepping ~*~*~tactically~*~*~ (hiding).
 33396 | Vaults:3 | 33396 ||| Stepping ~*~*~tactically~*~*~ (stealth).
 33419 | Vaults:3 | Received a gift from Okawaru
 33485 | Vaults:3 | 33485 ||| Stepping ~*~*~tactically~*~*~ (stealth).
 33487 | Vaults:3 | 33487 ||| Stepping ~*~*~tactically~*~*~ (stealth).
 33493 | Vaults:3 | 33493 ||| INVOKING Heroism.
 33498 | Vaults:3 | Reached skill level 18 in Armour
 33680 | Vaults:3 | 33680 ||| Stepping ~*~*~tactically~*~*~ (hiding).
 33701 | Vaults:3 | 33701 ||| INVOKING Heroism.
 33739 | Vaults:3 | Identified the +5 hand axe "Murmur" {spect, rElec rC- Int+5
                  | SInv} (Okawaru gifted it to you on level 3 of the Vaults)
 33739 | Vaults:3 | Received a gift from Okawaru
 34194 | Vaults:3 | Found a staircase to the Crypt.
 34194 | Vaults:3 | Found a basalt altar of Yredelemnul.
 34195 | Vaults:3 | Found an ancient bone altar of Kikubaaqudgha.
 34202 | Vaults:3 | 34202 ||| DROPPING amulet of reflection.
 34283 | Vaults:4 | 34283 ||| INVOKING Heroism.
 34284 | Vaults:4 | 34284 ||| STAIRDANCE
 34300 | Vaults:4 | 34300 ||| STAIRDANCE
 34341 | Vaults:4 | 34341 ||| INVOKING Heroism.
 34372 | Vaults:4 | 34372 ||| INVOKING Heroism.
 34643 | Vaults:4 | 34643 ||| Stepping ~*~*~tactically~*~*~ (hiding).
 34651 | Vaults:4 | 34651 ||| Stepping ~*~*~tactically~*~*~ (stealth).
 34672 | Vaults:4 | 34672 ||| Stepping ~*~*~tactically~*~*~ (hiding).
 34787 | Vaults:4 | 34787 ||| DRINKING 11 potions of curing.
 34787 | Vaults:4 | 34787 ||| (to cure confusion)
 34795 | Vaults:4 | 34795 ||| DRINKING 10 potions of curing.
 34795 | Vaults:4 | 34795 ||| (to cure confusion)
 34838 | Vaults:4 | 34838 ||| INVOKING Heroism.
 34895 | Vaults:4 | 34895 ||| Stepping ~*~*~tactically~*~*~ (hiding).
 34896 | Vaults:4 | 34896 ||| Stepping ~*~*~tactically~*~*~ (hiding).
 34898 | Vaults:4 | 34898 ||| Stepping ~*~*~tactically~*~*~ (hiding).
 35200 | Vaults:4 | 35200 ||| Stepping ~*~*~tactically~*~*~ (stealth).
 35201 | Vaults:4 | 35201 ||| Stepping ~*~*~tactically~*~*~ (stealth).
 35207 | Vaults:4 | 35207 ||| INVOKING Heroism.
 35274 | Vaults:4 | 35274 ||| INVOKING Heroism.
 35280 | Vaults:4 | Noticed a dread lich
 35280 | Vaults:4 | 35280 ||| INVOKING Finesse.
 35296 | Vaults:4 | 35296 ||| INVOKING Heroism.
 35299 | Vaults:4 | Received a gift from Okawaru
 35301 | Vaults:4 | Killed a dread lich
 35359 | Vaults:4 | 35359 ||| Stepping ~*~*~tactically~*~*~ (hiding).
 35360 | Vaults:4 | 35360 ||| Stepping ~*~*~tactically~*~*~ (hiding).
 35632 | Vaults:4 | 35632 ||| Stepping ~*~*~tactically~*~*~ (stealth).
 35633 | Vaults:4 | 35633 ||| Stepping ~*~*~tactically~*~*~ (stealth).
 35634 | Vaults:4 | 35634 ||| Stepping ~*~*~tactically~*~*~ (stealth).
 35747 | Vaults:4 | 35747 ||| DRINKING 9 potions of curing.
 35747 | Vaults:4 | 35747 ||| (to cure confusion)
 35799 | Vaults:4 | 35799 ||| Stepping ~*~*~tactically~*~*~ (hiding).
 35800 | Vaults:4 | 35800 ||| INVOKING Heroism.
 35801 | Vaults:4 | 35801 ||| Stepping ~*~*~tactically~*~*~ (hiding).
 35805 | Vaults:4 | 35805 ||| INVOKING Finesse.
 35851 | Vaults:4 | Found the +5 glaive of the Guard {elec, spectral, AC+5}
 35867 | Vaults:4 | Received a gift from Okawaru
 35879 | Vaults:4 | 35879 ||| INVOKING Heroism.
 36154 | Vaults:4 | 36154 ||| INVOKING Heroism.
 36157 | Vaults:4 | 36157 ||| Stepping ~*~*~tactically~*~*~ (stealth).
 36167 | Vaults:4 | 36167 ||| Stepping ~*~*~tactically~*~*~ (stealth).
 36455 | Vaults:4 | 36455 ||| PLANNING SWAMP:4
 36455 | Vaults:4 | 36455 ||| UPGRADING to +1 pair of gloves of strength.
 36465 | Vaults:4 | 36465 ||| DROPPING +2 pair of gloves.
 36466 | Vaults:4 | 36466 ||| DROPPING +6 ring of strength.
 36467 | Vaults:4 | 36467 ||| READING scroll labelled OLULLU HUMPANI.
 36793 | Swamp:4  | Entered Level 4 of the Swamp
 36799 | Swamp:4  | 36799 ||| Stepping ~*~*~tactically~*~*~ (stealth).
 36801 | Swamp:4  | 36801 ||| Stepping ~*~*~tactically~*~*~ (hiding).
 36805 | Swamp:4  | 36805 ||| INVOKING Heroism.
 36850 | Swamp:4  | 36850 ||| Stepping ~*~*~tactically~*~*~ (stealth).
 36853 | Swamp:4  | 36853 ||| Stepping ~*~*~tactically~*~*~ (stealth).
 36860 | Swamp:4  | 36860 ||| Stepping ~*~*~tactically~*~*~ (stealth).
 36860 | Swamp:4  | Noticed Roxanne
 36864 | Swamp:4  | 36864 ||| INVOKING Heroism.
 36876 | Swamp:4  | Killed Roxanne
 36909 | Swamp:4  | 36909 ||| Stepping ~*~*~tactically~*~*~ (stealth).
 37009 | Swamp:4  | 37009 ||| Stepping ~*~*~tactically~*~*~ (hiding).
 37016 | Swamp:4  | 37016 ||| INVOKING Heroism.
 37026 | Swamp:4  | 37026 ||| Stepping ~*~*~tactically~*~*~ (stealth).
 37045 | Swamp:4  | 37045 ||| INVOKING Heroism.
 37121 | Swamp:4  | 37121 ||| INVOKING Heroism.
 37215 | Swamp:4  | 37215 ||| Stepping ~*~*~tactically~*~*~ (stealth).
 37217 | Swamp:4  | 37217 ||| INVOKING Heroism.
 37231 | Swamp:4  | Reached XP level 22. HP: 141/152 MP: 29/29
 37300 | Swamp:4  | 37300 ||| INVOKING Heroism.
 37371 | Swamp:4  | 37371 ||| INVOKING Heroism.
 37404 | Swamp:4  | Got a decaying rune of Zot
 37466 | Swamp:4  | 37466 ||| Stepping ~*~*~tactically~*~*~ (hiding).
 37468 | Swamp:4  | 37468 ||| Stepping ~*~*~tactically~*~*~ (hiding).
 37779 | Swamp:4  | 37779 ||| PLANNING DEPTHS
 38004 | Depths:1 | Entered Level 1 of the Depths
 38008 | Depths:1 | Found a gateway to Hell.
 38051 | Depths:1 | Noticed the Enchantress
 38052 | Depths:1 | 38052 ||| Stepping ~*~*~tactically~*~*~ (stealth).
 38053 | Depths:1 | 38053 ||| Stepping ~*~*~tactically~*~*~ (stealth).
 38054 | Depths:1 | 38054 ||| Stepping ~*~*~tactically~*~*~ (stealth).
 38058 | Depths:1 | 38058 ||| Stepping ~*~*~tactically~*~*~ (stealth).
 38069 | Depths:1 | 38069 ||| INVOKING Heroism.
 38087 | Depths:1 | 38087 ||| Stepping ~*~*~tactically~*~*~ (stealth).
 38088 | Depths:1 | 38088 ||| INVOKING Finesse.
 38132 | Depths:1 | 38132 ||| INVOKING Heroism.
 38159 | Depths:1 | 38159 ||| DRINKING 8 potions of curing.
 38159 | Depths:1 | 38159 ||| (to cure confusion)
 38161 | Depths:1 | 38161 ||| DRINKING 7 potions of curing.
 38161 | Depths:1 | 38161 ||| (to cure confusion)
 38172 | Depths:1 | 38172 ||| INVOKING Finesse.
 38191 | Depths:1 | Killed the Enchantress
 38307 | Depths:1 | 38307 ||| Stepping ~*~*~tactically~*~*~ (stealth).
 38343 | Depths:1 | 38343 ||| Stepping ~*~*~tactically~*~*~ (hiding).
 38397 | Depths:1 | 38397 ||| Stepping ~*~*~tactically~*~*~ (stealth).
 38399 | Depths:1 | 38399 ||| Stepping ~*~*~tactically~*~*~ (stealth).
 38401 | Depths:1 | 38401 ||| INVOKING Heroism.
 38402 | Depths:1 | 38402 ||| INVOKING Finesse.
 38569 | Depths:1 | 38569 ||| INVOKING Heroism.
 38596 | Depths:1 | Reached skill level 6 in Dodging
 38596 | Depths:1 | Received a gift from Okawaru
 38613 | Depths:1 | 38613 ||| Stepping ~*~*~tactically~*~*~ (stealth).
 38619 | Depths:1 | 38619 ||| INVOKING Heroism.
 38638 | Depths:1 | Reached skill level 21 in Shields
 38653 | Depths:1 | 38653 ||| INVOKING Finesse.
 38691 | Depths:1 | Found a one-way gate leading to the halls of Pandemonium.
 38698 | Depths:1 | 38698 ||| INVOKING Heroism.
 38759 | Depths:1 | 38759 ||| INVOKING Heroism.
 38868 | Depths:1 | 38868 ||| Stepping ~*~*~tactically~*~*~ (stealth).
 38869 | Depths:1 | 38869 ||| Stepping ~*~*~tactically~*~*~ (stealth).
 38882 | Depths:1 | 38882 ||| INVOKING Heroism.
 38944 | Depths:1 | 38944 ||| INVOKING Heroism.
 39056 | Depths:1 | Found a runed translucent door.
 39060 | Depths:1 | Found a radiant altar of Vehumet.
 39061 | Depths:1 | Noticed an ancient lich
 39112 | Depths:1 | 39112 ||| INVOKING Heroism.
 39113 | Depths:1 | 39113 ||| INVOKING Finesse.
 39123 | Depths:1 | Killed an ancient lich
 39126 | Depths:1 | Reached skill level 21 in Fighting
 39415 | Depths:2 | Found a one-way gate to the infinite horrors of the Abyss.
 39429 | Depths:2 | 39429 ||| Stepping ~*~*~tactically~*~*~ (hiding).
 39438 | Depths:2 | 39438 ||| Stepping ~*~*~tactically~*~*~ (hiding).
 39446 | Depths:2 | 39446 ||| Stepping ~*~*~tactically~*~*~ (hiding).
 39457 | Depths:2 | 39457 ||| INVOKING Heroism.
 39493 | Depths:2 | Received a gift from Okawaru
 39495 | Depths:2 | 39495 ||| Stepping ~*~*~tactically~*~*~ (hiding).
 39503 | Depths:2 | 39503 ||| READING 12 scrolls of teleportation.
 39504 | Depths:2 | 39504 ||| Stepping randomly (stuck).
 39635 | Depths:2 | 39635 ||| INVOKING Heroism.
 39637 | Depths:2 | 39637 ||| STAIRDANCE
 39648 | Depths:2 | 39648 ||| STAIRDANCE
 39783 | Depths:2 | 39783 ||| INVOKING Heroism.
 39817 | Depths:2 | Found Upsiompe's Antique Armour Shoppe.
 39822 | Depths:2 | 39822 ||| BUYING shiny plate armour (728 gold).
 39822 | Depths:2 | Bought a shiny plate armour for 728 gold pieces
 39916 | Depths:2 | Found a shadowy altar of Dithmenos.
 39925 | Depths:2 | Identified the +3 scale mail "Cujyleus" {Fly rPois}
 39931 | Depths:2 | 39931 ||| Stepping ~*~*~tactically~*~*~ (hiding).
 40024 | Depths:2 | 40024 ||| Stepping ~*~*~tactically~*~*~ (hiding).
 40051 | Depths:2 | 40051 ||| READING scroll of acquirement.
 40051 | Depths:2 | 40051 ||| ACQUIRING 800 gold pieces
 40051 | Depths:2 | Acquired 800 gold pieces
 40054 | Depths:2 | Found a one-way gateway to a ziggurat.
 40123 | Depths:2 | 40123 ||| Stepping ~*~*~tactically~*~*~ (hiding).
 40141 | Depths:2 | 40141 ||| INVOKING Heroism.
 40212 | Depths:2 | Gained mutation: Your body sometimes deteriorates upon
                  | taking damage. [a cacodemon]
 40215 | Depths:2 | Gained mutation: You are frail. (-10% HP) [a cacodemon]
 40239 | Depths:2 | 40239 ||| INVOKING Heroism.
 40266 | Depths:2 | 40266 ||| Stepping ~*~*~tactically~*~*~ (hiding).
 40397 | Depths:2 | 40397 ||| DRINKING 2 potions of mutation.
 40397 | Depths:2 | Lost mutation: You are frail. (-10% HP) [potion of
                  | mutation]
 40397 | Depths:2 | Lost mutation: Your body sometimes deteriorates upon taking
                  | damage. [potion of mutation]
 40397 | Depths:2 | Gained mutation: Your skin changes colour to match your
                  | surroundings (Stealth+). [potion of mutation]
 40397 | Depths:2 | Gained mutation: You expend magic power (3 MP) to
                  | strengthen your wands. [potion of mutation]
 40599 | Depths:2 | Paralysed by a sphinx for 4 turns
 40605 | Depths:2 | Received a gift from Okawaru
 40606 | Depths:2 | Reached skill level 12 in Throwing
 40772 | Depths:2 | 40772 ||| Stepping ~*~*~tactically~*~*~ (stealth).
 40774 | Depths:2 | 40774 ||| INVOKING Heroism.
 40775 | Depths:2 | 40775 ||| INVOKING Finesse.
 40868 | Depths:2 | 40868 ||| INVOKING Heroism.
 40868 | Depths:2 | Noticed Sojobo
 40869 | Depths:2 | 40869 ||| INVOKING Finesse.
 40903 | Depths:2 | Paralysed by an air elemental for 1 turns
 40925 | Depths:2 | Paralysed by an air elemental for 1 turns
 40936 | Depths:2 | Killed Sojobo
 41105 | Depths:2 | 41105 ||| Stepping ~*~*~tactically~*~*~ (hiding).
 41262 | Depths:3 | 41262 ||| INVOKING Heroism.
 41264 | Depths:3 | 41264 ||| INVOKING Finesse.
 41271 | Depths:3 | Received a gift from Okawaru
 41354 | Depths:3 | 41354 ||| INVOKING Heroism.
 41365 | Depths:3 | Reached XP level 23. HP: 160/160 MP: 28/30
 41390 | Depths:3 | Received a gift from Okawaru
 41448 | Depths:3 | 41448 ||| INVOKING Heroism.
 41520 | Depths:3 | 41520 ||| INVOKING Heroism.
 41544 | Depths:3 | Received a gift from Okawaru
 41558 | Depths:3 | Found a corrupted altar of Lugonu.
 41600 | Depths:3 | 41600 ||| Stepping ~*~*~tactically~*~*~ (hiding).
 41602 | Depths:3 | 41602 ||| Stepping ~*~*~tactically~*~*~ (hiding).
 41603 | Depths:3 | 41603 ||| INVOKING Heroism.
 41706 | Depths:3 | 41706 ||| INVOKING Heroism.
 41732 | Depths:3 | Noticed a golden dragon
 41739 | Depths:3 | Noticed a golden dragon
 41740 | Depths:3 | 41740 ||| INVOKING Heroism.
 41770 | Depths:3 | Killed a golden dragon
 41772 | Depths:3 | Killed a golden dragon
 41792 | Depths:3 | Paralysed by a floating eye for 3 turns
 41803 | Depths:3 | Paralysed by a floating eye for 4 turns
 41808 | Depths:3 | 41808 ||| INVOKING Heroism.
 41898 | Depths:3 | Identified the +4 bardiche of a Million Yaks {elec, Str+3
                  | Dex+4}
 42074 | Depths:3 | 42074 ||| INVOKING Heroism.
 42224 | Depths:3 | 42224 ||| DROPPING amulet of the acrobat.
 42234 | Depths:4 | Entered Level 4 of the Depths
 42234 | Depths:4 | Noticed a golden dragon
 42235 | Depths:4 | 42235 ||| INVOKING Heroism.
 42236 | Depths:4 | 42236 ||| INVOKING Finesse.
 42236 | Depths:4 | Noticed a golden dragon
 42244 | Depths:4 | Killed a golden dragon
 42279 | Depths:4 | Killed a golden dragon
 42302 | Depths:4 | 42302 ||| INVOKING Heroism.
 42364 | Depths:4 | Received a gift from Okawaru
 42399 | Depths:4 | Noticed a juggernaut
 42400 | Depths:4 | 42400 ||| INVOKING Heroism.
 42401 | Depths:4 | 42401 ||| INVOKING Finesse.
 42417 | Depths:4 | Killed a juggernaut
 42441 | Depths:4 | Noticed a juggernaut
 42484 | Depths:4 | Killed a juggernaut
 42489 | Depths:4 | 42489 ||| INVOKING Heroism.
 42499 | Depths:4 | Noticed a golden dragon
 42524 | Depths:4 | Killed a golden dragon
 42525 | Depths:4 | Reached skill level 21 in Armour
 42611 | Depths:4 | Identified the +7 shortbow of Irghoijy {freeze, Will+++
                  | Int-3 Dex+2}
 42697 | Depths:4 | Found Efitakku's Weapon Boutique.
 42754 | Depths:4 | 42754 ||| INVOKING Heroism.
 42793 | Depths:4 | Received a gift from Okawaru
 42853 | Depths:4 | Noticed a golden dragon
 42855 | Depths:4 | 42855 ||| INVOKING Heroism.
 42875 | Depths:4 | Killed a golden dragon
 42907 | Depths:4 | 42907 ||| INVOKING Heroism.
 42914 | Depths:4 | 42914 ||| INVOKING Finesse.
 42978 | Depths:4 | Noticed a golden dragon
 42979 | Depths:4 | 42979 ||| INVOKING Heroism.
 42980 | Depths:4 | 42980 ||| INVOKING Finesse.
 42995 | Depths:4 | Killed a golden dragon
 42995 | Depths:4 | Received a gift from Okawaru
 43064 | Depths:4 | 43064 ||| Stepping ~*~*~tactically~*~*~ (hiding).
 43065 | Depths:4 | 43065 ||| Stepping ~*~*~tactically~*~*~ (hiding).
 43067 | Depths:4 | 43067 ||| Stepping ~*~*~tactically~*~*~ (hiding).
 43080 | Depths:4 | 43080 ||| INVOKING Heroism.
 43130 | Depths:4 | 43130 ||| INVOKING Heroism.
 43210 | Depths:4 | Identified the ring "Cenozib" {rElec rPois rCorr Stlth-}
 43224 | Depths:4 | Received a gift from Okawaru
 43313 | Depths:4 | 43313 ||| Stepping ~*~*~tactically~*~*~ (hiding).
 43314 | Depths:4 | 43314 ||| Stepping ~*~*~tactically~*~*~ (hiding).
 43331 | Depths:4 | Found a gate to the Realm of Zot.
 43348 | Depths:4 | 43348 ||| INVOKING Heroism.
 43357 | Depths:4 | Noticed a golden dragon
 43358 | Depths:4 | 43358 ||| INVOKING Finesse.
 43359 | Depths:4 | Noticed a golden dragon
 43379 | Depths:4 | Reached XP level 24. HP: 164/169 MP: 26/30
 43384 | Depths:4 | Received a gift from Okawaru
 43558 | Depths:4 | 43558 ||| Stepping ~*~*~tactically~*~*~ (hiding).
 43562 | Depths:4 | 43562 ||| INVOKING Heroism.
 43597 | Depths:4 | 43597 ||| Stepping ~*~*~tactically~*~*~ (hiding).
 43622 | Depths:4 | 43622 ||| Stepping ~*~*~tactically~*~*~ (hiding).
 43833 | Depths:4 | 43833 ||| PLANNING VAULTS:5
 43833 | Depths:4 | 43833 ||| DROPPING +4 faerie dragon scales {Rampage rC++
                  | rCorr Int-4 Dex+3}.
 43834 | Depths:4 | 43834 ||| UPGRADING to +1 cloak of willpower.
 44121 | Vaults:5 | Entered Level 5 of the Vaults
 44121 | Vaults:5 | Noticed a dread lich
 44122 | Vaults:5 | 44122 ||| STAIRDANCE
 44130 | Vaults:5 | 44130 ||| STAIRDANCE
 44132 | Vaults:4 | 44132 ||| INVOKING Heroism.
 44161 | Vaults:4 | 44161 ||| DROPPING +0 broad axe.
 44167 | Vaults:5 | 44167 ||| INVOKING Finesse.
 44182 | Vaults:5 | 44182 ||| STAIRDANCE
 44190 | Vaults:4 | Received a gift from Okawaru
 44193 | Vaults:4 | 44193 ||| INVOKING Heroism.
 44202 | Vaults:4 | Killed a dread lich
 44245 | Vaults:5 | 44245 ||| STAIRDANCE
 44249 | Vaults:4 | Received a gift from Okawaru
 44266 | Vaults:5 | 44266 ||| STAIRDANCE
 44289 | Vaults:5 | 44289 ||| INVOKING Heroism.
 44291 | Vaults:5 | 44291 ||| INVOKING Finesse.
 44292 | Vaults:5 | 44292 ||| INVOKING Finesse.
 44357 | Vaults:5 | 44357 ||| STAIRDANCE
 44372 | Vaults:5 | 44372 ||| STAIRDANCE
 44390 | Vaults:5 | 44390 ||| INVOKING Heroism.
 44414 | Vaults:5 | 44414 ||| READING scroll of enchant weapon.
 44414 | Vaults:5 | 44414 ||| ENCHANTING +2 vampiric war axe.
 44420 | Vaults:5 | 44420 ||| Stepping ~*~*~tactically~*~*~ (hiding).
 44439 | Vaults:5 | Received a gift from Okawaru
 44440 | Vaults:5 | 44440 ||| Stepping ~*~*~tactically~*~*~ (stealth).
 44450 | Vaults:5 | 44450 ||| INVOKING Finesse.
 44451 | Vaults:5 | 44451 ||| INVOKING Finesse.
 44475 | Vaults:5 | 44475 ||| INVOKING Heroism.
 44526 | Vaults:5 | 44526 ||| Stepping ~*~*~tactically~*~*~ (stealth).
 44528 | Vaults:5 | 44528 ||| Stepping ~*~*~tactically~*~*~ (hiding).
 44539 | Vaults:5 | 44539 ||| INVOKING Heroism.
 44559 | Vaults:5 | 44559 ||| Stepping ~*~*~tactically~*~*~ (hiding).
 44566 | Vaults:5 | 44566 ||| INVOKING Heroism.
 44582 | Vaults:5 | 44582 ||| INVOKING Heroism.
 44601 | Vaults:5 | Noticed an ancient lich
 44602 | Vaults:5 | 44602 ||| INVOKING Finesse.
 44604 | Vaults:5 | 44604 ||| INVOKING Finesse.
 44668 | Vaults:5 | Identified the +7 tower shield of the Present {Rampage
                  | *Corrode rF+ Regen+} (Okawaru gifted it to you on level 5
                  | of the Vaults)
 44668 | Vaults:5 | Received a gift from Okawaru
 44668 | Vaults:5 | Noticed a dread lich
 44676 | Vaults:5 | Killed an ancient lich
 44684 | Vaults:5 | 44684 ||| INVOKING Heroism.
 44701 | Vaults:5 | Killed a dread lich
 44749 | Vaults:5 | 44749 ||| Stepping ~*~*~tactically~*~*~ (hiding).
 44756 | Vaults:5 | Identified the ring "Umuig" {Will+ rCorr Dex+2}
 44767 | Vaults:5 | 44767 ||| INVOKING Heroism.
 44776 | Vaults:5 | Reached skill level 24 in Fighting
 44780 | Vaults:5 | 44780 ||| INVOKING Finesse.
 44913 | Vaults:5 | 44913 ||| Stepping ~*~*~tactically~*~*~ (stealth).
 44914 | Vaults:5 | 44914 ||| Stepping ~*~*~tactically~*~*~ (stealth).
 45035 | Vaults:5 | 45035 ||| Stepping ~*~*~tactically~*~*~ (stealth).
 45036 | Vaults:5 | 45036 ||| Stepping ~*~*~tactically~*~*~ (stealth).
 45038 | Vaults:5 | 45038 ||| Stepping ~*~*~tactically~*~*~ (stealth).
 45154 | Vaults:5 | 45154 ||| DROPPING +2 vorpal war axe.
 45240 | Vaults:5 | 45240 ||| INVOKING Heroism.
 45275 | Vaults:5 | Reached XP level 25. HP: 178/178 MP: 30/30
 45400 | Vaults:5 | Got a silver rune of Zot
 45913 | Vaults:5 | Found Ummut's Armour Shoppe.
 45915 | Vaults:5 | 45915 ||| READING scroll of enchant armour.
 45915 | Vaults:5 | 45915 ||| ENCHANTING +2 plate armour of fire resistance.
 45926 | Vaults:5 | 45926 ||| BUYING +2 pair of gloves of strength (301 gold).
 45926 | Vaults:5 | Bought a +2 pair of gloves of strength for 301 gold pieces
 45926 | Vaults:5 | 45926 ||| BUYING +4 ring mail of the Aged Beasts {rC+
                  | Regen+ rCorr} (610 gold).
 45926 | Vaults:5 | Bought the +4 ring mail of the Aged Beasts {rC+ Regen+
                  | rCorr} for 610 gold pieces
 45997 | Vaults:5 | 45997 ||| READING scroll of enchant weapon.
 45997 | Vaults:5 | 45997 ||| ENCHANTING +3 vampiric war axe.
 46126 | Vaults:5 | 46126 ||| INVOKING Heroism.
 46147 | Vaults:5 | 46147 ||| PLANNING SHOPPING SPREE
 46147 | Vaults:5 | 46147 ||| DROPPING +1 cloak.
 46148 | Vaults:5 | 46148 ||| UPGRADING to +2 pair of gloves of strength.
 46158 | Vaults:5 | 46158 ||| DROPPING +1 pair of gloves of strength.
 46485 | Snake:2  | 46485 ||| BUYING scroll of enchant armour (127 gold).
 46485 | Snake:2  | Bought a scroll of enchant armour for 127 gold pieces
 46485 | Snake:2  | 46485 ||| BUYING scroll of enchant weapon (127 gold).
 46485 | Snake:2  | Bought a scroll of enchant weapon for 127 gold pieces
 46485 | Snake:2  | 46485 ||| BUYING scroll of teleportation (51 gold).
 46485 | Snake:2  | Bought a scroll of teleportation for 51 gold pieces
 46485 | Snake:2  | 46485 ||| READING scroll of enchant armour.
 46485 | Snake:2  | 46485 ||| ENCHANTING +3 plate armour of fire resistance.
 46486 | Snake:2  | 46486 ||| READING scroll of enchant weapon.
 46486 | Snake:2  | 46486 ||| ENCHANTING +4 vampiric war axe.
 46487 | Snake:2  | 46487 ||| DROPPING +4 plate armour.
 46538 | Snake:1  | 46538 ||| BUYING potion of magic (128 gold).
 46538 | Snake:1  | Bought a potion of magic for 128 gold pieces
 46538 | Snake:1  | 46538 ||| BUYING potion of might (64 gold).
 46538 | Snake:1  | Bought a potion of might for 64 gold pieces
 46547 | Snake:1  | 46547 ||| BUYING scroll of brand weapon (228 gold).
 46547 | Snake:1  | Bought a scroll of brand weapon for 228 gold pieces
 46547 | Snake:1  | 46547 ||| BUYING scroll of enchant armour (180 gold).
 46547 | Snake:1  | Bought a scroll of enchant armour for 180 gold pieces
 46547 | Snake:1  | 46547 ||| BUYING scroll of teleportation (72 gold).
 46547 | Snake:1  | Bought a scroll of teleportation for 72 gold pieces
 46547 | Snake:1  | 46547 ||| BUYING shiny plate armour (624 gold).
 46547 | Snake:1  | Bought a shiny plate armour for 624 gold pieces
 46547 | Snake:1  | 46547 ||| READING scroll of enchant armour.
 46547 | Snake:1  | 46547 ||| ENCHANTING +4 plate armour of fire resistance.
 46574 | Snake:1  | 46574 ||| BUYING scroll of acquirement (780 gold).
 46574 | Snake:1  | Bought a scroll of acquirement for 780 gold pieces
 46574 | Snake:1  | 46574 ||| BUYING scroll of enchant armour (112 gold).
 46574 | Snake:1  | Bought a scroll of enchant armour for 112 gold pieces
 46574 | Snake:1  | 46574 ||| READING scroll of acquirement.
 46574 | Snake:1  | 46574 ||| ACQUIRING 1167 gold pieces
 46574 | Snake:1  | Acquired 1167 gold pieces
 46576 | Snake:1  | 46576 ||| READING scroll of enchant armour.
 46576 | Snake:1  | 46576 ||| ENCHANTING +5 plate armour of fire resistance.
 46711 | Orc:2    | 46711 ||| BUYING potion of haste (160 gold).
 46711 | Orc:2    | Bought a potion of haste for 160 gold pieces
 46742 | Orc:2    | 46742 ||| BUYING glowing hat (224 gold).
 46742 | Orc:2    | Bought a glowing hat for 224 gold pieces
 46742 | Orc:2    | 46742 ||| BUYING runed scarf (256 gold).
 46742 | Orc:2    | Bought a runed scarf for 256 gold pieces
 46742 | Orc:2    | 46742 ||| DROPPING +1 hat.
 46743 | Orc:2    | 46743 ||| DROPPING scarf of harm.
 46753 | Orc:2    | 46753 ||| BUYING ring of protection from cold (400 gold).
 46753 | Orc:2    | Bought a ring of protection from cold for 400 gold pieces
 46753 | Orc:2    | 46753 ||| DROPPING ring of ice.
 46903 | Snake:1  | 46903 ||| BUYING ring of Nisoebis {rF+ SInv} (543 gold).
 46903 | Snake:1  | Bought the ring of Nisoebis {rF+ SInv} for 543 gold pieces
 46903 | Snake:1  | 46903 ||| DROPPING ring of fire.
 46904 | Snake:1  | 46904 ||| UPGRADING to ring of Nisoebis {rF+ SInv}.
 46915 | Snake:1  | 46915 ||| BUYING +5 plate armour of Taatuzou {rPois Will+}
                  | (1101 gold).
 46915 | Snake:1  | Bought the +5 plate armour of Taatuzou {rPois Will+} for
                  | 1101 gold pieces
 46915 | Snake:1  | 46915 ||| PLANNING ZOT:1-4
 47208 | Zot:1    | Entered Level 1 of the Realm of Zot
 47216 | Zot:1    | 47216 ||| INVOKING Heroism.
 47283 | Zot:1    | 47283 ||| Stepping ~*~*~tactically~*~*~ (stealth).
 47297 | Zot:1    | 47297 ||| Stepping ~*~*~tactically~*~*~ (stealth).
 47298 | Zot:1    | 47298 ||| Stepping ~*~*~tactically~*~*~ (stealth).
 47345 | Zot:1    | 47345 ||| INVOKING Heroism.
 47477 | Zot:1    | 47477 ||| READING scroll of enchant weapon.
 47477 | Zot:1    | 47477 ||| ENCHANTING +5 vampiric war axe.
 47534 | Zot:1    | 47534 ||| Stepping ~*~*~tactically~*~*~ (hiding).
 47535 | Zot:1    | 47535 ||| Stepping ~*~*~tactically~*~*~ (hiding).
 47557 | Zot:1    | 47557 ||| Stepping ~*~*~tactically~*~*~ (hiding).
 47564 | Zot:1    | 47564 ||| INVOKING Heroism.
 47645 | Zot:1    | 47645 ||| DROPPING +3 broad axe.
 47650 | Zot:1    | 47650 ||| Stepping ~*~*~tactically~*~*~ (hiding).
 47653 | Zot:1    | 47653 ||| Stepping ~*~*~tactically~*~*~ (hiding).
 47718 | Zot:1    | 47718 ||| INVOKING Heroism.
 47777 | Zot:1    | You are sucked into a shaft and drop 1 floor!
 47778 | Zot:2    | 47778 ||| UPGRADING to +7 tower shield of the Present
                  | {Rampage *Corrode rF+ Regen+}.
 47823 | Zot:1    | Noticed an ancient lich
 47823 | Zot:1    | Found a stormy altar of Qazlal.
 47824 | Zot:1    | 47824 ||| INVOKING Heroism.
 47825 | Zot:1    | 47825 ||| INVOKING Finesse.
 47835 | Zot:1    | Killed an ancient lich
 47837 | Zot:1    | Received a gift from Okawaru
 47924 | Zot:1    | Identified the +8 flail of Proximity {vorpal, rF+ Str+6
                  | Int+4}
 47927 | Zot:1    | Identified the amulet of the Queen {Harm Regen+ Dex+4 SInv}
 48019 | Zot:1    | 48019 ||| INVOKING Heroism.
 48067 | Zot:1    | 48067 ||| INVOKING Heroism.
 48216 | Zot:1    | 48216 ||| INVOKING Heroism.
 48267 | Zot:1    | 48267 ||| INVOKING Heroism.
 48431 | Zot:1    | 48431 ||| INVOKING Heroism.
 48595 | Zot:1    | 48595 ||| Stepping ~*~*~tactically~*~*~ (hiding).
 48724 | Zot:1    | 48724 ||| READING scroll labelled MIATIK GUSUIS.
 48897 | Zot:2    | 48897 ||| Stepping ~*~*~tactically~*~*~ (hiding).
 48898 | Zot:2    | 48898 ||| Stepping ~*~*~tactically~*~*~ (hiding).
 48913 | Zot:2    | Received a gift from Okawaru
 48914 | Zot:2    | 48914 ||| Stepping ~*~*~tactically~*~*~ (cloud).
 48925 | Zot:2    | 48925 ||| Stepping ~*~*~tactically~*~*~ (hiding).
 49024 | Zot:2    | 49024 ||| INVOKING Heroism.
 49074 | Zot:2    | 49074 ||| INVOKING Heroism.
 49091 | Zot:2    | Reached skill level 15 in Throwing
 49111 | Zot:2    | Received a gift from Okawaru
 49148 | Zot:2    | 49148 ||| INVOKING Heroism.
 49160 | Zot:2    | 49160 ||| Stepping ~*~*~tactically~*~*~ (hiding).
 49229 | Zot:2    | 49229 ||| Stepping ~*~*~tactically~*~*~ (stealth).
 49312 | Zot:2    | 49312 ||| Stepping ~*~*~tactically~*~*~ (hiding).
 49315 | Zot:2    | 49315 ||| INVOKING Heroism.
 49352 | Zot:2    | 49352 ||| INVOKING Heroism.
 49361 | Zot:2    | Noticed a Killer Klown
 49362 | Zot:2    | 49362 ||| INVOKING Finesse.
 49364 | Zot:2    | Noticed a Killer Klown
 49397 | Zot:2    | Killed a Killer Klown
 49449 | Zot:2    | Killed a Killer Klown
 49602 | Zot:2    | Found a shimmering altar of Xom.
 49603 | Zot:2    | Found a shimmering altar of Xom.
 49604 | Zot:2    | Found a shimmering altar of Xom.
 49604 | Zot:2    | Found a glowing silver altar of Zin.
 49701 | Zot:3    | 49701 ||| Stepping ~*~*~tactically~*~*~ (hiding).
 49707 | Zot:3    | 49707 ||| INVOKING Heroism.
 49747 | Zot:3    | 49747 ||| INVOKING Heroism.
 49797 | Zot:3    | 49797 ||| Stepping ~*~*~tactically~*~*~ (hiding).
 49847 | Zot:3    | 49847 ||| READING 19 scrolls of teleportation.
 50056 | Zot:3    | 50056 ||| Stepping ~*~*~tactically~*~*~ (hiding).
 50100 | Zot:3    | 50100 ||| INVOKING Heroism.
 50329 | Zot:3    | 50329 ||| READING scroll of enchant armour.
 50329 | Zot:3    | 50329 ||| ENCHANTING +6 plate armour of fire resistance.
 50470 | Zot:3    | Noticed a Killer Klown
 50471 | Zot:3    | 50471 ||| Stepping ~*~*~tactically~*~*~ (hiding).
 50471 | Zot:3    | Noticed a Killer Klown
 50472 | Zot:3    | 50472 ||| Stepping ~*~*~tactically~*~*~ (hiding).
 50474 | Zot:3    | 50474 ||| Stepping ~*~*~tactically~*~*~ (hiding).
 50475 | Zot:3    | 50475 ||| INVOKING Heroism.
 50476 | Zot:3    | 50476 ||| INVOKING Finesse.
 50489 | Zot:3    | a Killer Klown changed into a rockslime
 50491 | Zot:3    | Killed a Killer Klown
 50492 | Zot:3    | Identified the +1 chain mail of Duck's Teeth {+Inv}
                  | (Okawaru gifted it to you on level 3 of the Realm of Zot)
 50492 | Zot:3    | Received a gift from Okawaru
 50521 | Zot:3    | Noticed a Killer Klown
 50522 | Zot:3    | 50522 ||| Stepping ~*~*~tactically~*~*~ (stealth).
 50531 | Zot:3    | Reached XP level 26. HP: 190/190 MP: 30/30
 50531 | Zot:3    | Noticed a Killer Klown
 50532 | Zot:3    | 50532 ||| INVOKING Heroism.
 50540 | Zot:3    | 50540 ||| Stepping ~*~*~tactically~*~*~ (hiding).
 50542 | Zot:3    | 50542 ||| Stepping ~*~*~tactically~*~*~ (hiding).
 50542 | Zot:3    | Noticed a Killer Klown
 50543 | Zot:3    | 50543 ||| Stepping ~*~*~tactically~*~*~ (stealth).
 50546 | Zot:3    | 50546 ||| Stepping ~*~*~tactically~*~*~ (hiding).
 50548 | Zot:3    | 50548 ||| Stepping ~*~*~tactically~*~*~ (hiding).
 50562 | Zot:3    | Noticed a Killer Klown
 50568 | Zot:3    | Killed a Killer Klown
 50570 | Zot:3    | 50570 ||| INVOKING Finesse.
 50580 | Zot:3    | Noticed a Killer Klown
 50585 | Zot:3    | Killed a Killer Klown
 50597 | Zot:3    | Killed a Killer Klown
 50611 | Zot:3    | Killed a Killer Klown
 50621 | Zot:3    | 50621 ||| Stepping ~*~*~tactically~*~*~ (stealth).
 50623 | Zot:3    | 50623 ||| Stepping ~*~*~tactically~*~*~ (hiding).
 50625 | Zot:3    | 50625 ||| INVOKING Heroism.
 50626 | Zot:3    | 50626 ||| INVOKING Finesse.
 50651 | Zot:3    | Killed a Killer Klown
 50713 | Zot:3    | 50713 ||| INVOKING Heroism.
 50946 | Zot:3    | 50946 ||| DROPPING +5 plate armour of Taatuzou {rPois
                  | Will+}.
 50947 | Zot:3    | 50947 ||| DROPPING +7 plate armour of ponderousness.
 50996 | Zot:4    | 50996 ||| Stepping ~*~*~tactically~*~*~ (stealth).
 51030 | Zot:4    | 51030 ||| INVOKING Heroism.
 51106 | Zot:4    | 51106 ||| INVOKING Heroism.
 51130 | Zot:4    | 51130 ||| Stepping ~*~*~tactically~*~*~ (hiding).
 51140 | Zot:4    | Reached skill level 11 in Invocations
 51376 | Zot:4    | 51376 ||| INVOKING Heroism.
 51377 | Zot:4    | Found a runed translucent door.
 51377 | Zot:4    | Found a shimmering altar of Xom.
 51377 | Zot:4    | Noticed qw's ghost (master GrFi)
 51473 | Zot:4    | 51473 ||| Stepping ~*~*~tactically~*~*~ (stealth).
 51503 | Zot:4    | 51503 ||| INVOKING Heroism.
 51695 | Zot:4    | 51695 ||| PLANNING THE SHINING ONE WORSHIP
 51695 | Zot:4    | 51695 ||| UPGRADING to +10 tower shield of Ignorance {rN+
                  | Int-4}.
 52131 | D:7      | Fell from the grace of Okawaru
 52131 | D:7      | Became a worshipper of the Shining One
 52132 | D:7      | 52132 ||| PLANNING CRYPT
 52132 | D:7      | 52132 ||| SWAPPING to +2 broad axe of flaming.
 52133 | D:7      | 52133 ||| DROPPING +3 broad axe of Integrity {pain, rElec
                  | rF- SInv Stlth+}.
 52134 | D:7      | 52134 ||| DROPPING +6 vampiric war axe.
 52135 | D:7      | 52135 ||| READING 3 scrolls of brand weapon.
 52135 | D:7      | 52135 ||| BRANDING +2 broad axe of flaming.
 52136 | D:7      | 52136 ||| READING 2 scrolls of brand weapon.
 52136 | D:7      | 52136 ||| BRANDING +2 broad axe of venom.
 52137 | D:7      | 52137 ||| READING scroll of brand weapon.
 52137 | D:7      | 52137 ||| BRANDING +2 broad axe of protection.
 52365 | Crypt:1  | Entered Level 1 of the Crypt
 52385 | Crypt:1  | Reached * piety under the Shining One
 52640 | Crypt:1  | 52640 ||| Stepping ~*~*~tactically~*~*~ (stealth).
 52670 | Crypt:1  | Reached ** piety under the Shining One
 52889 | Crypt:1  | 52889 ||| Stepping ~*~*~tactically~*~*~ (stealth).
 52890 | Crypt:1  | 52890 ||| Stepping ~*~*~tactically~*~*~ (stealth).
 52962 | Crypt:1  | Identified the +0 chain mail of Cynicism {Harm Rampage rC+
                  | SInv}
 52965 | Crypt:1  | Reached *** piety under the Shining One
 52966 | Crypt:1  | 52966 ||| Stepping ~*~*~tactically~*~*~ (hiding).
 53108 | Crypt:1  | Reached **** piety under the Shining One
 53447 | Crypt:1  | Reached ***** piety under the Shining One
 53906 | Crypt:1  | Identified the +1 leather armour of Ibeca {rF+ rN+ Dex-2}
 53945 | Crypt:1  | 53945 ||| DROPPING scarf of shadows.
 53946 | Crypt:1  | 53946 ||| UPGRADING to ring "Umuig" {Will+ rCorr Dex+2}.
 53948 | Crypt:1  | 53948 ||| UPGRADING to +7 tower shield of the Present
                  | {Rampage *Corrode rF+ Regen+}.
 53958 | Crypt:1  | 53958 ||| DROPPING ring of resist corrosion.
 53959 | Crypt:1  | 53959 ||| UPGRADING to +4 ring of evasion.
 53961 | Crypt:1  | 53961 ||| READING scroll labelled YTIAPNE VURO.
 54030 | Crypt:2  | 54030 ||| FLEEEEING.
 54031 | Crypt:2  | 54031 ||| STAIRDANCE
 54137 | Crypt:2  | 54137 ||| STAIRDANCE
 54321 | Crypt:2  | 54321 ||| READING scroll of enchant armour.
 54321 | Crypt:2  | 54321 ||| ENCHANTING +7 plate armour of fire resistance.
 54433 | Crypt:2  | 54433 ||| Stepping ~*~*~tactically~*~*~ (stealth).
 54450 | Crypt:2  | 54450 ||| Stepping ~*~*~tactically~*~*~ (stealth).
 54501 | Crypt:2  | Reached ****** piety under the Shining One
 54529 | Crypt:2  | 54529 ||| INVOKING Brand Weapon With Holy Wrath.
 54529 | Crypt:2  | Identified a +4 broad axe of holy wrath (a +2 broad axe of
                  | venom blessed by the Shining One)
 54529 | Crypt:2  | Received a gift from the Shining One
 54535 | Crypt:2  | 54535 ||| READING scroll of enchant armour.
 54535 | Crypt:2  | 54535 ||| ENCHANTING +8 plate armour of fire resistance.
 54661 | Crypt:2  | Found a basalt altar of Yredelemnul.
 54708 | Crypt:2  | 54708 ||| Stepping ~*~*~tactically~*~*~ (stealth).
 54718 | Crypt:2  | 54718 ||| Stepping ~*~*~tactically~*~*~ (hiding).
 54768 | Crypt:2  | 54768 ||| INVOKING Cleansing Flame.
 54807 | Crypt:2  | 54807 ||| Stepping ~*~*~tactically~*~*~ (stealth).
 54859 | Crypt:2  | 54859 ||| INVOKING Summon Divine Warrior.
 54863 | Crypt:2  | 54863 ||| INVOKING Cleansing Flame.
 54864 | Crypt:2  | 54864 ||| INVOKING Cleansing Flame.
 55050 | Crypt:2  | 55050 ||| READING scroll of acquirement.
 55050 | Crypt:2  | 55050 ||| ACQUIRING +5 broad axe "Emoniudgh" {vorpal, rPois
                  | Dex+2}
 55050 | Crypt:2  | Acquired the +5 broad axe "Emoniudgh" {vorpal, rPois Dex+2}
 55052 | Crypt:2  | 55052 ||| SWAPPING to +5 broad axe "Emoniudgh" {vorpal,
                  | rPois Dex+2}.
 55123 | Crypt:2  | 55123 ||| DROPPING +0 helmet of intelligence.
 55124 | Crypt:2  | 55124 ||| DROPPING +0 gold dragon scales.
 55138 | Crypt:3  | Entered Level 3 of the Crypt
 55159 | Crypt:3  | Reached skill level 18 in Axes
 55236 | Crypt:3  | 55236 ||| Stepping ~*~*~tactically~*~*~ (stealth).
 55326 | Crypt:3  | Reached skill level 12 in Invocations
 55511 | Crypt:3  | 55511 ||| Stepping ~*~*~tactically~*~*~ (stealth).
 55513 | Crypt:3  | 55513 ||| Stepping ~*~*~tactically~*~*~ (stealth).
 55548 | Crypt:3  | 55548 ||| Stepping ~*~*~tactically~*~*~ (stealth).
 55701 | Crypt:3  | 55701 ||| Stepping ~*~*~tactically~*~*~ (stealth).
 55832 | Crypt:3  | 55832 ||| FLEEEEING.
 55833 | Crypt:3  | 55833 ||| FLEEEEING.
 55834 | Crypt:3  | 55834 ||| FLEEEEING.
 55835 | Crypt:3  | 55835 ||| FLEEEEING.
 55836 | Crypt:3  | 55836 ||| FLEEEEING.
 55838 | Crypt:3  | 55838 ||| FLEEEEING.
 55839 | Crypt:3  | 55839 ||| FLEEEEING.
 55840 | Crypt:3  | 55840 ||| FLEEEEING.
 55841 | Crypt:3  | 55841 ||| STAIRDANCE
 55874 | Crypt:3  | 55874 ||| Stepping ~*~*~tactically~*~*~ (hiding).
 55875 | Crypt:3  | 55875 ||| Stepping ~*~*~tactically~*~*~ (hiding).
 55893 | Crypt:3  | 55893 ||| Stepping ~*~*~tactically~*~*~ (hiding).
 55896 | Crypt:3  | 55896 ||| Stepping ~*~*~tactically~*~*~ (hiding).
 55897 | Crypt:3  | 55897 ||| Stepping ~*~*~tactically~*~*~ (hiding).
 56011 | Crypt:3  | 56011 ||| READING 20 scrolls of teleportation.
 56026 | Crypt:3  | 56026 ||| Stepping ~*~*~tactically~*~*~ (stealth).
 56027 | Crypt:3  | 56027 ||| Stepping ~*~*~tactically~*~*~ (stealth).
 56034 | Crypt:3  | 56034 ||| Stepping ~*~*~tactically~*~*~ (stealth).
 56036 | Crypt:3  | 56036 ||| Stepping ~*~*~tactically~*~*~ (hiding).
 56047 | Crypt:3  | Reached skill level 13 in Invocations
 56194 | Crypt:3  | Found a staircase to the Tomb.
 56196 | Crypt:3  | 56196 ||| INVOKING Cleansing Flame.
 56197 | Crypt:3  | 56197 ||| INVOKING Cleansing Flame.
 56326 | Crypt:3  | Found a basalt altar of Yredelemnul.
 56337 | Crypt:3  | 56337 ||| Stepping ~*~*~tactically~*~*~ (stealth).
 56339 | Crypt:3  | 56339 ||| Stepping ~*~*~tactically~*~*~ (stealth).
 56341 | Crypt:3  | 56341 ||| Stepping ~*~*~tactically~*~*~ (hiding).
 56354 | Crypt:3  | Reached XP level 27. HP: 157/197 MP: 32/32
 56354 | Crypt:3  | 56354 ||| Stepping ~*~*~tactically~*~*~ (hiding).
 56359 | Crypt:3  | 56359 ||| FLEEEEING.
 56424 | Crypt:3  | 56424 ||| FLEEEEING.
 56425 | Crypt:3  | 56425 ||| FLEEEEING.
 56426 | Crypt:3  | 56426 ||| FLEEEEING.
 56427 | Crypt:3  | 56427 ||| FLEEEEING.
 56507 | Crypt:3  | 56507 ||| Stepping ~*~*~tactically~*~*~ (hiding).
 56510 | Crypt:3  | 56510 ||| Stepping ~*~*~tactically~*~*~ (hiding).
 56515 | Crypt:3  | 56515 ||| Stepping ~*~*~tactically~*~*~ (hiding).
 56604 | Crypt:3  | Reached skill level 14 in Invocations
 56690 | Crypt:3  | Was forgiven by Okawaru
 56842 | Crypt:3  | 56842 ||| Stepping ~*~*~tactically~*~*~ (cloud).
 56854 | Crypt:3  | Identified the +2 mace of Eternal War {vamp, Int+4}
 56911 | Crypt:3  | 56911 ||| PLANNING TOMB
 56911 | Crypt:3  | 56911 ||| SWAPPING to +4 broad axe of holy wrath.
 57002 | Tomb:1   | Entered Level 1 of the Tomb of the Ancients
 57185 | Tomb:1   | 57185 ||| INVOKING Cleansing Flame.
 57186 | Tomb:1   | 57186 ||| INVOKING Cleansing Flame.
 57208 | Tomb:1   | Noticed Khufu
 57209 | Tomb:1   | 57209 ||| INVOKING Summon Divine Warrior.
 57211 | Tomb:1   | Noticed a royal mummy
 57211 | Tomb:1   | Noticed a royal mummy
 57216 | Tomb:1   | 57216 ||| INVOKING Cleansing Flame.
 57218 | Tomb:1   | Killed Khufu
 57219 | Tomb:1   | Reached skill level 15 in Invocations
 57221 | Tomb:1   | 57221 ||| INVOKING Cleansing Flame.
 57228 | Tomb:1   | 57228 ||| INVOKING Summon Divine Warrior.
 57230 | Tomb:1   | Killed a royal mummy
 57234 | Tomb:1   | Killed a royal mummy
 57237 | Tomb:1   | HP: 45/197 [sphinx/divine providence (13)]
 57238 | Tomb:1   | 57238 ||| READING 19 scrolls of teleportation.
 57239 | Tomb:1   | 57239 ||| DRINKING 5 potions of heal wounds.
 57240 | Tomb:1   | 57240 ||| INVOKING Cleansing Flame.
 57241 | Tomb:1   | 57241 ||| INVOKING Summon Divine Warrior.
 57440 | Tomb:1   | Reached skill level 16 in Invocations
 57451 | Tomb:1   | Noticed a royal mummy
 57455 | Tomb:1   | 57455 ||| INVOKING Cleansing Flame.
 57457 | Tomb:1   | 57457 ||| INVOKING Cleansing Flame.
 57457 | Tomb:1   | Noticed a royal mummy
 57458 | Tomb:1   | 57458 ||| INVOKING Cleansing Flame.
 57459 | Tomb:1   | 57459 ||| INVOKING Cleansing Flame.
 57460 | Tomb:1   | 57460 ||| INVOKING Cleansing Flame.
 57461 | Tomb:1   | 57461 ||| INVOKING Cleansing Flame.
 57461 | Tomb:1   | Killed a royal mummy
 57462 | Tomb:1   | 57462 ||| INVOKING Summon Divine Warrior.
 57464 | Tomb:1   | 57464 ||| INVOKING Cleansing Flame.
 57465 | Tomb:1   | 57465 ||| INVOKING Cleansing Flame.
 57466 | Tomb:1   | 57466 ||| DRINKING 6 potions of magic.
 57467 | Tomb:1   | 57467 ||| INVOKING Cleansing Flame.
 57470 | Tomb:1   | Killed a royal mummy
 57834 | Tomb:1   | Reached skill level 17 in Invocations
 57991 | Tomb:2   | 57991 ||| DRINKING 10 potions of haste.
 57992 | Tomb:2   | 57992 ||| DRINKING 16 potions of attraction.
 57994 | Tomb:2   | 57994 ||| INVOKING Cleansing Flame.
 57995 | Tomb:2   | 57995 ||| INVOKING Cleansing Flame.
 57995 | Tomb:2   | Noticed a royal mummy
 57995 | Tomb:2   | Noticed a royal mummy
 57995 | Tomb:2   | Noticed a royal mummy
 57996 | Tomb:2   | 57996 ||| INVOKING Summon Divine Warrior.
 57996 | Tomb:2   | Noticed a royal mummy
 57997 | Tomb:2   | 57997 ||| INVOKING Cleansing Flame.
 58003 | Tomb:2   | Killed a royal mummy
 58009 | Tomb:2   | Killed a royal mummy
 58014 | Tomb:2   | 58014 ||| INVOKING Cleansing Flame.
 58014 | Tomb:2   | Killed a royal mummy
 58014 | Tomb:2   | HP: 40/197 [something (29)]
 58014 | Tomb:2   | Killed a royal mummy
 58014 | Tomb:2   | HP: 13/197 [something (17)]
 58015 | Tomb:2   | 58015 ||| READING 18 scrolls of teleportation.
 58016 | Tomb:2   | 58016 ||| DRINKING 4 potions of heal wounds.
 58017 | Tomb:2   | 58017 ||| DRINKING 3 potions of heal wounds.
 58018 | Tomb:2   | 58018 ||| Stepping ~*~*~tactically~*~*~ (hiding).
 58019 | Tomb:2   | 58019 ||| INVOKING Summon Divine Warrior.
 58027 | Tomb:2   | Reached skill level 18 in Invocations
 58040 | Tomb:2   | 58040 ||| INVOKING Cleansing Flame.
 58041 | Tomb:2   | 58041 ||| INVOKING Cleansing Flame.
 58042 | Tomb:2   | 58042 ||| INVOKING Cleansing Flame.
 58051 | Tomb:2   | 58051 ||| INVOKING Cleansing Flame.
 58065 | Tomb:2   | 58065 ||| INVOKING Cleansing Flame.
 58066 | Tomb:2   | 58066 ||| INVOKING Cleansing Flame.
 58198 | Tomb:2   | 58198 ||| DRINKING 5 potions of magic.
 58345 | Tomb:2   | 58345 ||| INVOKING Cleansing Flame.
 58346 | Tomb:2   | 58346 ||| INVOKING Cleansing Flame.
 58398 | Tomb:2   | 58398 ||| DROPPING +2 hat.
 58453 | Tomb:1   | Noticed a royal mummy
 58454 | Tomb:1   | 58454 ||| INVOKING Summon Divine Warrior.
 58457 | Tomb:1   | Noticed a royal mummy
 58459 | Tomb:1   | Killed a royal mummy
 58461 | Tomb:1   | 58461 ||| INVOKING Cleansing Flame.
 58462 | Tomb:1   | 58462 ||| INVOKING Cleansing Flame.
 58463 | Tomb:1   | 58463 ||| INVOKING Cleansing Flame.
 58463 | Tomb:1   | Killed a royal mummy
 58517 | Tomb:1   | Noticed a royal mummy
 58518 | Tomb:1   | 58518 ||| INVOKING Summon Divine Warrior.
 58524 | Tomb:1   | Killed a royal mummy
 58578 | Tomb:1   | Noticed a royal mummy
 58580 | Tomb:1   | Noticed a royal mummy
 58581 | Tomb:1   | 58581 ||| INVOKING Cleansing Flame.
 58585 | Tomb:1   | Killed a royal mummy
 58586 | Tomb:1   | 58586 ||| INVOKING Cleansing Flame.
 58590 | Tomb:1   | Killed a royal mummy
 58591 | Tomb:1   | Reached skill level 19 in Invocations
 58600 | Tomb:1   | Noticed a royal mummy
 58603 | Tomb:1   | 58603 ||| INVOKING Cleansing Flame.
 58604 | Tomb:1   | 58604 ||| INVOKING Cleansing Flame.
 58605 | Tomb:1   | 58605 ||| INVOKING Cleansing Flame.
 58606 | Tomb:1   | 58606 ||| INVOKING Cleansing Flame.
 58606 | Tomb:1   | Killed a royal mummy
 58617 | Tomb:1   | Noticed a royal mummy
 58619 | Tomb:1   | 58619 ||| INVOKING Cleansing Flame.
 58620 | Tomb:1   | 58620 ||| INVOKING Cleansing Flame.
 58621 | Tomb:1   | 58621 ||| INVOKING Cleansing Flame.
 58622 | Tomb:1   | 58622 ||| INVOKING Cleansing Flame.
 58622 | Tomb:1   | Killed a royal mummy
 58675 | Tomb:1   | Noticed a royal mummy
 58676 | Tomb:1   | 58676 ||| INVOKING Cleansing Flame.
 58680 | Tomb:1   | Killed a royal mummy
 58686 | Tomb:1   | Noticed a royal mummy
 58687 | Tomb:1   | 58687 ||| INVOKING Cleansing Flame.
 58691 | Tomb:1   | Killed a royal mummy
 58771 | Tomb:1   | Noticed a royal mummy
 58772 | Tomb:1   | 58772 ||| INVOKING Cleansing Flame.
 58774 | Tomb:1   | 58774 ||| Stepping ~*~*~tactically~*~*~ (hiding).
 58791 | Tomb:1   | 58791 ||| INVOKING Cleansing Flame.
 58792 | Tomb:1   | 58792 ||| INVOKING Cleansing Flame.
 58793 | Tomb:1   | 58793 ||| INVOKING Cleansing Flame.
 58793 | Tomb:1   | Killed a royal mummy
 58918 | Tomb:1   | Noticed Boris
 58920 | Tomb:1   | Noticed a royal mummy
 58926 | Tomb:1   | 58926 ||| INVOKING Cleansing Flame.
 58927 | Tomb:1   | 58927 ||| INVOKING Cleansing Flame.
 58928 | Tomb:1   | 58928 ||| INVOKING Cleansing Flame.
 58928 | Tomb:1   | Noticed a royal mummy
 58929 | Tomb:1   | 58929 ||| INVOKING Cleansing Flame.
 58930 | Tomb:1   | 58930 ||| INVOKING Cleansing Flame.
 58930 | Tomb:1   | Killed a royal mummy
 58931 | Tomb:1   | 58931 ||| INVOKING Cleansing Flame.
 58931 | Tomb:1   | Killed Boris
 58937 | Tomb:1   | Killed a royal mummy
 58938 | Tomb:1   | Reached skill level 20 in Invocations
 58938 | Tomb:1   | Noticed a royal mummy
 58948 | Tomb:1   | Noticed a royal mummy
 58950 | Tomb:1   | Killed a royal mummy
 58952 | Tomb:1   | 58952 ||| INVOKING Cleansing Flame.
 58960 | Tomb:1   | Noticed a royal mummy
 58961 | Tomb:1   | Killed a royal mummy
 58970 | Tomb:1   | Killed a royal mummy
 58971 | Tomb:1   | Noticed a royal mummy
 59000 | Tomb:1   | Killed a royal mummy
 59497 | Tomb:2   | 59497 ||| INVOKING Cleansing Flame.
 59498 | Tomb:2   | 59498 ||| INVOKING Cleansing Flame.
 59504 | Tomb:2   | 59504 ||| INVOKING Cleansing Flame.
 59505 | Tomb:2   | 59505 ||| INVOKING Cleansing Flame.
 59510 | Tomb:2   | 59510 ||| INVOKING Cleansing Flame.
 59621 | Tomb:2   | 59621 ||| Stepping ~*~*~tactically~*~*~ (hiding).
 59624 | Tomb:2   | 59624 ||| INVOKING Cleansing Flame.
 59625 | Tomb:2   | 59625 ||| INVOKING Cleansing Flame.
 59691 | Tomb:3   | Entered Level 3 of the Tomb of the Ancients
 59692 | Tomb:3   | 59692 ||| DRINKING 10 potions of haste.
 59693 | Tomb:3   | 59693 ||| DRINKING 15 potions of attraction.
 59721 | Tomb:3   | Reached skill level 21 in Invocations
 59726 | Tomb:3   | 59726 ||| INVOKING Cleansing Flame.
 59727 | Tomb:3   | 59727 ||| INVOKING Cleansing Flame.
 59734 | Tomb:3   | 59734 ||| INVOKING Summon Divine Warrior.
 59735 | Tomb:3   | 59735 ||| INVOKING Cleansing Flame.
 59736 | Tomb:3   | 59736 ||| INVOKING Cleansing Flame.
 59739 | Tomb:3   | 59739 ||| INVOKING Cleansing Flame.
 59740 | Tomb:3   | 59740 ||| INVOKING Cleansing Flame.
 59742 | Tomb:3   | Reached skill level 22 in Invocations
 59749 | Tomb:3   | Noticed a royal mummy
 59749 | Tomb:3   | 59749 ||| INVOKING Summon Divine Warrior.
 59755 | Tomb:3   | 59755 ||| INVOKING Cleansing Flame.
 59758 | Tomb:3   | Killed a royal mummy
 59767 | Tomb:3   | Gained mutation: You have hidden genetic defects. [a
                  | neqoxec]
 59768 | Tomb:3   | 59768 ||| INVOKING Cleansing Flame.
 59785 | Tomb:3   | 59785 ||| INVOKING Cleansing Flame.
 59806 | Tomb:3   | Noticed a royal mummy
 59806 | Tomb:3   | Noticed a royal mummy
 59808 | Tomb:3   | 59808 ||| INVOKING Cleansing Flame.
 59817 | Tomb:3   | Reached skill level 23 in Invocations
 59820 | Tomb:3   | 59820 ||| INVOKING Cleansing Flame.
 59820 | Tomb:3   | Noticed a royal mummy
 59821 | Tomb:3   | 59821 ||| INVOKING Cleansing Flame.
 59822 | Tomb:3   | 59822 ||| INVOKING Summon Divine Warrior.
 59824 | Tomb:3   | Killed a royal mummy
 59828 | Tomb:3   | Noticed a royal mummy
 59829 | Tomb:3   | HP: 49/197 [royal mummy/divine providence (11)]
 59830 | Tomb:3   | 59830 ||| READING 18 scrolls of teleportation.
 59831 | Tomb:3   | 59831 ||| DRINKING 2 potions of heal wounds.
 59832 | Tomb:3   | Noticed a royal mummy
 59835 | Tomb:3   | 59835 ||| INVOKING Summon Divine Warrior.
 59841 | Tomb:3   | 59841 ||| INVOKING Cleansing Flame.
 59842 | Tomb:3   | 59842 ||| INVOKING Cleansing Flame.
 59843 | Tomb:3   | 59843 ||| INVOKING Summon Divine Warrior.
 59843 | Tomb:3   | HP: 46/197 [royal mummy/divine providence (11)]
 59844 | Tomb:3   | 59844 ||| READING 17 scrolls of teleportation.
 59845 | Tomb:3   | 59845 ||| DRINKING potion of heal wounds.
 59848 | Tomb:3   | 59848 ||| INVOKING Summon Divine Warrior.
 59895 | Tomb:3   | Killed a royal mummy
 59897 | Tomb:3   | Gained mutation: Your spells are a little easier to cast,
                  | but a little less powerful. [hidden defects]
 59904 | Tomb:3   | 59904 ||| INVOKING Cleansing Flame.
 59905 | Tomb:3   | 59905 ||| INVOKING Cleansing Flame.
 59906 | Tomb:3   | 59906 ||| INVOKING Cleansing Flame.
 59906 | Tomb:3   | Killed a royal mummy
 59916 | Tomb:3   | Noticed a royal mummy
 59919 | Tomb:3   | 59919 ||| INVOKING Cleansing Flame.
 59924 | Tomb:3   | Killed a royal mummy
 59926 | Tomb:3   | 59926 ||| INVOKING Cleansing Flame.
 59942 | Tomb:3   | 59942 ||| INVOKING Cleansing Flame.
 59943 | Tomb:3   | 59943 ||| INVOKING Cleansing Flame.
 59943 | Tomb:3   | Killed a royal mummy
 59944 | Tomb:3   | Reached skill level 24 in Invocations
 59982 | Tomb:3   | Noticed a royal mummy
 59986 | Tomb:3   | 59986 ||| DRINKING 4 potions of magic.
 59987 | Tomb:3   | 59987 ||| INVOKING Cleansing Flame.
 59992 | Tomb:3   | Killed a royal mummy
 60034 | Tomb:3   | Killed a royal mummy
 60125 | Tomb:3   | Identified the +4 spear of Ytziawn {flame, rC+ Will- Int+3}
 60146 | Tomb:3   | Identified the +4 dagger "Ontokk" {spect, Str+4}
 60230 | Tomb:3   | Found the ring of Shadows {Umbra +Inv Stlth+}
 60240 | Tomb:3   | Identified the +8 halberd of the Elven Halls {freeze,
                  | rElec}
 60248 | Tomb:3   | 60248 ||| DROPPING +2 broad axe of flaming.
 60252 | Tomb:3   | 60252 ||| DROPPING +0 broad axe of freezing.
 60279 | Tomb:3   | Identified the ring "Zev Gurch" {rF- rCorr Dex+10}
 60346 | Tomb:3   | 60346 ||| READING scroll of enchant weapon.
 60346 | Tomb:3   | 60346 ||| ENCHANTING +4 broad axe of holy wrath.
 60363 | Tomb:3   | Got a golden rune of Zot
 60396 | Tomb:3   | Noticed a royal mummy
 60404 | Tomb:3   | Killed a royal mummy
 60432 | Tomb:3   | 60432 ||| PLANNING PAN
 60432 | Tomb:3   | 60432 ||| DROPPING +1 pair of boots of stealth.
 60442 | Tomb:3   | 60442 ||| DROPPING +1 chain mail of the Earth {rC+++ Will+
                  | Str-2}.
 60443 | Tomb:3   | 60443 ||| UPGRADING to +2 helmet.
 60453 | Tomb:3   | 60453 ||| UPGRADING to +10 tower shield of Ignorance {rN+
                  | Int-4}.
 60463 | Tomb:3   | 60463 ||| UPGRADING to +2 cloak.
 60473 | Tomb:3   | 60473 ||| DROPPING +2 shield of Resistance {rF++ rC++
                  | Will++}.
 60474 | Tomb:3   | 60474 ||| DROPPING scarf of resistance.
 60475 | Tomb:3   | 60475 ||| DROPPING +2 hat "Lavifik" {Rampage Drain rC+++
                  | Str-4}.
 60476 | Tomb:3   | 60476 ||| DROPPING +7 tower shield of the Present {Rampage
                  | *Corrode rF+ Regen+}.
 60477 | Tomb:3   | 60477 ||| DROPPING +3 plate armour of cold resistance.
 60478 | Tomb:3   | 60478 ||| DROPPING +1 cloak of willpower.
 60479 | Tomb:3   | 60479 ||| DROPPING +4 ring mail of the Aged Beasts {rC+
                  | Regen+ rCorr}.
 60480 | Tomb:3   | 60480 ||| UPGRADING to amulet of the Queen {Harm Regen+
                  | Dex+4 SInv}.
 60490 | Tomb:3   | 60490 ||| DROPPING amulet "Feroi" {Reflect +Inv rN+ SH+5
                  | Stlth+}.
 60491 | Tomb:3   | 60491 ||| DROPPING ring of protection from cold.
 60492 | Tomb:3   | 60492 ||| DROPPING ring "Zev Gurch" {rF- rCorr Dex+10}.
 60493 | Tomb:3   | 60493 ||| DROPPING ring of Nisoebis {rF+ SInv}.
 60494 | Tomb:3   | 60494 ||| DROPPING ring "Umuig" {Will+ rCorr Dex+2}.
 60495 | Tomb:3   | 60495 ||| DROPPING ring of protection from fire.
 60496 | Tomb:3   | 60496 ||| DROPPING ring of protection from cold.
 60497 | Tomb:3   | 60497 ||| DROPPING ring "Cenozib" {rElec rPois rCorr
                  | Stlth-}.
 60899 | Pan      | Entered Pandemonium
 60988 | Pan      | 60988 ||| Stepping ~*~*~tactically~*~*~ (stealth).
 60990 | Pan      | 60990 ||| Stepping ~*~*~tactically~*~*~ (hiding).
 60998 | Pan      | 60998 ||| Stepping ~*~*~tactically~*~*~ (hiding).
 61011 | Pan      | 61011 ||| Stepping ~*~*~tactically~*~*~ (stealth).
 61012 | Pan      | 61012 ||| Stepping ~*~*~tactically~*~*~ (stealth).
 61012 | Pan      | Noticed Hoittoj the pandemonium lord
 61013 | Pan      | 61013 ||| Stepping ~*~*~tactically~*~*~ (stealth).
 61015 | Pan      | 61015 ||| Stepping ~*~*~tactically~*~*~ (stealth).
 61016 | Pan      | 61016 ||| INVOKING Cleansing Flame.
 61017 | Pan      | 61017 ||| INVOKING Summon Divine Warrior.
 61024 | Pan      | 61024 ||| INVOKING Cleansing Flame.
 61026 | Pan      | Killed Hoittoj the pandemonium lord
 61032 | Pan      | Gained mutation: You occasionally lose the ability to drink
                  | potions when taking damage. [a cacodemon]
 61050 | Pan      | 61050 ||| DRINKING 4 potions of mutation.
 61050 | Pan      | Lost mutation: Your skin changes colour to match your
                  | surroundings (Stealth+). [potion of mutation]
 61050 | Pan      | Lost mutation: You have hidden genetic defects. [potion of
                  | mutation]
 61050 | Pan      | Gained mutation: You are weak. (Str -2) [potion of
                  | mutation]
 61050 | Pan      | Gained mutation: Your flesh is heat resistant. (rF+)
                  | [potion of mutation]
 61050 | Pan      | Gained mutation: A frigid envelope surrounds you and
                  | freezes all who hurt you. [potion of mutation]
 61051 | Pan      | 61051 ||| DRINKING 3 potions of mutation.
 61051 | Pan      | Lost mutation: You are weak. (Str -2) [potion of mutation]
 61051 | Pan      | Lost mutation: You expend magic power (3 MP) to strengthen
                  | your wands. [potion of mutation]
 61051 | Pan      | Lost mutation: A frigid envelope surrounds you and freezes
                  | all who hurt you. [potion of mutation]
 61051 | Pan      | Gained mutation: You are robust. (+10% HP) [potion of
                  | mutation]
 61051 | Pan      | Lost mutation: You are robust. (+10% HP) [potion of
                  | mutation]
 61051 | Pan      | Gained mutation: You are partially covered in iridescent
                  | scales. (AC +2) [potion of mutation]
 61052 | Pan      | 61052 ||| DRINKING 2 potions of mutation.
 61052 | Pan      | Lost mutation: Your flesh is heat resistant. (rF+) [potion
                  | of mutation]
 61052 | Pan      | Lost mutation: You are partially covered in iridescent
                  | scales. (AC +2) [potion of mutation]
 61052 | Pan      | Gained mutation: You are clumsy. (Dex -2) [potion of
                  | mutation]
 61052 | Pan      | Gained mutation: You are partially covered in iridescent
                  | scales. (AC +2) [potion of mutation]
 61053 | Pan      | 61053 ||| DRINKING potion of mutation.
 61053 | Pan      | Lost mutation: You are partially covered in iridescent
                  | scales. (AC +2) [potion of mutation]
 61053 | Pan      | Lost mutation: You are clumsy. (Dex -2) [potion of
                  | mutation]
 61053 | Pan      | Gained mutation: You have hidden genetic potential. [potion
                  | of mutation]
 61053 | Pan      | Gained mutation: You have large cloven feet. [potion of
                  | mutation]
 61269 | Pan      | Reached skill level 25 in Invocations
 61312 | Pan      | Gained mutation: Armour fits poorly on your strangely
                  | shaped body. [a neqoxec]
 61316 | Pan      | Gained mutation: Potions are less effective at restoring
                  | your health. [a neqoxec]
 61643 | Pan      | 61643 ||| INVOKING Summon Divine Warrior.
 61643 | Pan      | Identified the +0 tower shield of the Robin {+Inv rPois
                  | Str-3 Stlth+}
 61655 | Pan      | 61655 ||| INVOKING Cleansing Flame.
 61656 | Pan      | 61656 ||| INVOKING Summon Divine Warrior.
 61658 | Pan      | 61658 ||| INVOKING Cleansing Flame.
 61659 | Pan      | 61659 ||| INVOKING Cleansing Flame.
 61689 | Pan      | 61689 ||| DRINKING 4 potions of resistance.
 61691 | Pan      | 61691 ||| INVOKING Cleansing Flame.
 61818 | Pan      | Noticed Fyoque the pandemonium lord
 61824 | Pan      | Killed Fyoque the pandemonium lord
 61828 | Pan      | Identified the +12 arbalest of Doomed Valiance {penet,
                  | Will+ SInv}
 61900 | Pan      | Reached skill level 26 in Invocations
 62081 | Pan      | 62081 ||| Stepping ~*~*~tactically~*~*~ (hiding).
 62128 | Pan      | Reached skill level 1 in Short Blades
 62129 | Pan      | 62129 ||| Stepping ~*~*~tactically~*~*~ (hiding).
 62220 | Pan      | 62220 ||| INVOKING Cleansing Flame.
 62249 | Pan      | 62249 ||| Stepping ~*~*~tactically~*~*~ (stealth).
 62268 | Pan      | 62268 ||| INVOKING Summon Divine Warrior.
 62270 | Pan      | HP: 37/197 [smoke demon/divine providence (14)]
 62271 | Pan      | 62271 ||| READING 18 scrolls of teleportation.
 62471 | Pan      | Noticed Ajesmoun the pandemonium lord
 62472 | Pan      | 62472 ||| INVOKING Summon Divine Warrior.
 62476 | Pan      | 62476 ||| INVOKING Cleansing Flame.
 62477 | Pan      | 62477 ||| INVOKING Cleansing Flame.
 62478 | Pan      | Killed Ajesmoun the pandemonium lord
 62479 | Pan      | Reached skill level 3 in Short Blades
 62634 | Pan      | 62634 ||| INVOKING Summon Divine Warrior.
 62638 | Pan      | HP: 43/197 [smoke demon/divine providence (14)]
 62639 | Pan      | 62639 ||| READING 17 scrolls of teleportation.
 62647 | Pan      | 62647 ||| INVOKING Summon Divine Warrior.
 62802 | Pan      | HP: 46/197 [smoke demon/divine providence (14)]
 62803 | Pan      | 62803 ||| READING 16 scrolls of teleportation.
 62807 | Pan      | 62807 ||| READING 15 scrolls of teleportation.
 62807 | Pan      | HP: 14/197 [smoke demon/divine providence (13)]
 62884 | Pan      | 62884 ||| INVOKING Cleansing Flame.
 62995 | Pan      | 62995 ||| INVOKING Summon Divine Warrior.
 62997 | Pan      | HP: 40/197 [smoke demon/divine providence (13)]
 62998 | Pan      | 62998 ||| READING 14 scrolls of teleportation.
 63284 | Pan      | 63284 ||| Stepping ~*~*~tactically~*~*~ (stealth).
 63298 | Pan      | 63298 ||| INVOKING Summon Divine Warrior.
 63308 | Pan      | HP: 41/197 [smoke demon/divine providence (15)]
 63309 | Pan      | 63309 ||| READING 13 scrolls of teleportation.
 63309 | Pan      | HP: 17/197 [smoke demon/divine providence (16)]
 63310 | Pan      | 63310 ||| DRINKING potion of heal wounds.
 63891 | Pan      | 63891 ||| INVOKING Cleansing Flame.
 63892 | Pan      | 63892 ||| INVOKING Cleansing Flame.
 63893 | Pan      | 63893 ||| INVOKING Cleansing Flame.
 63894 | Pan      | 63894 ||| INVOKING Cleansing Flame.
 63895 | Pan      | 63895 ||| INVOKING Cleansing Flame.
 63896 | Pan      | 63896 ||| INVOKING Cleansing Flame.
 63897 | Pan      | 63897 ||| INVOKING Cleansing Flame.
 63897 | Pan      | HP: 44/197 [smoke demon/divine providence (19)]
 63898 | Pan      | 63898 ||| READING 12 scrolls of teleportation.
 63899 | Pan      | 63899 ||| INVOKING Cleansing Flame.
 63899 | Pan      | HP: 20/197 [smoke demon/divine providence (15)]
 63899 | Pan      | HP: 1/197 [smoke demon/divine providence (19)]
 64079 | Pan      | Reached skill level 27 in Invocations
 64084 | Pan      | 64084 ||| Stepping ~*~*~tactically~*~*~ (hiding).
 64085 | Pan      | 64085 ||| Stepping ~*~*~tactically~*~*~ (hiding).
 64108 | Pan      | 64108 ||| Stepping ~*~*~tactically~*~*~ (stealth).
 64132 | Pan      | 64132 ||| Stepping ~*~*~tactically~*~*~ (stealth).
 64138 | Pan      | 64138 ||| INVOKING Cleansing Flame.
 64139 | Pan      | 64139 ||| INVOKING Cleansing Flame.
 64140 | Pan      | 64140 ||| INVOKING Cleansing Flame.
 64141 | Pan      | 64141 ||| INVOKING Cleansing Flame.
 64142 | Pan      | 64142 ||| INVOKING Cleansing Flame.
 64143 | Pan      | 64143 ||| INVOKING Cleansing Flame.
 64144 | Pan      | 64144 ||| INVOKING Cleansing Flame.
 64145 | Pan      | 64145 ||| DRINKING 3 potions of magic.
 64146 | Pan      | 64146 ||| INVOKING Cleansing Flame.
 64146 | Pan      | HP: 48/197 [smoke demon/divine providence (12)]
 64147 | Pan      | 64147 ||| READING 11 scrolls of teleportation.
 64148 | Pan      | 64148 ||| INVOKING Cleansing Flame.
 64148 | Pan      | HP: 17/197 [smoke demon/divine providence (15)]
 64149 | Pan      | 64149 ||| INVOKING Cleansing Flame.
 64149 | Pan      | HP: 3/197 [smoke demon/divine providence (16)]
 64150 | Pan      | 64150 ||| INVOKING Cleansing Flame.
 64305 | Pan      | 64305 ||| Stepping ~*~*~tactically~*~*~ (stealth).
 64311 | Pan      | 64311 ||| INVOKING Summon Divine Warrior.
 64386 | Pan      | HP: 41/197 [smoke demon/divine providence (15)]
 64387 | Pan      | 64387 ||| READING 10 scrolls of teleportation.
 64420 | Pan      | 64420 ||| INVOKING Summon Divine Warrior.
 64532 | Pan      | 64532 ||| INVOKING Cleansing Flame.
 64533 | Pan      | 64533 ||| INVOKING Cleansing Flame.
 64534 | Pan      | 64534 ||| INVOKING Cleansing Flame.
 64535 | Pan      | 64535 ||| INVOKING Cleansing Flame.
 64536 | Pan      | 64536 ||| INVOKING Cleansing Flame.
 64537 | Pan      | 64537 ||| INVOKING Cleansing Flame.
 64538 | Pan      | 64538 ||| INVOKING Cleansing Flame.
 64539 | Pan      | 64539 ||| INVOKING Cleansing Flame.
 64540 | Pan      | 64540 ||| DRINKING 2 potions of magic.
 64541 | Pan      | 64541 ||| INVOKING Cleansing Flame.
 64542 | Pan      | 64542 ||| INVOKING Cleansing Flame.
 64543 | Pan      | 64543 ||| INVOKING Cleansing Flame.
 64544 | Pan      | 64544 ||| INVOKING Cleansing Flame.
 64545 | Pan      | 64545 ||| INVOKING Cleansing Flame.
 64546 | Pan      | 64546 ||| INVOKING Cleansing Flame.
 64547 | Pan      | 64547 ||| DRINKING potion of magic.
 64548 | Pan      | 64548 ||| INVOKING Cleansing Flame.
 64549 | Pan      | 64549 ||| INVOKING Cleansing Flame.
 64549 | Pan      | HP: 46/197 [??? (10)]
 64550 | Pan      | 64550 ||| READING 9 scrolls of teleportation.
 64551 | Pan      | 64551 ||| INVOKING Cleansing Flame.
 64552 | Pan      | 64552 ||| INVOKING Cleansing Flame.
 64747 | Pan      | HP: 47/197 [smoke demon/divine providence (14)]
 64748 | Pan      | 64748 ||| READING 8 scrolls of teleportation.
 64752 | Pan      | HP: 22/197 [smoke demon/divine providence (16)]
 64753 | Pan      | 64753 ||| READING 7 scrolls of teleportation.
 65345 | Pan      | HP: 40/197 [smoke demon/divine providence (19)]
 65346 | Pan      | 65346 ||| READING 6 scrolls of teleportation.
 65346 | Pan      | HP: 16/197 [smoke demon/divine providence (10)]
 65484 | Pan      | Reached skill level 9 in Dodging
 65494 | Pan      | 65494 ||| Stepping ~*~*~tactically~*~*~ (stealth).
 65501 | Pan      | 65501 ||| INVOKING Cleansing Flame.
 65502 | Pan      | 65502 ||| INVOKING Cleansing Flame.
 65503 | Pan      | 65503 ||| INVOKING Cleansing Flame.
 65504 | Pan      | 65504 ||| INVOKING Cleansing Flame.
 65505 | Pan      | 65505 ||| INVOKING Cleansing Flame.
 65506 | Pan      | 65506 ||| INVOKING Cleansing Flame.
 65507 | Pan      | 65507 ||| INVOKING Cleansing Flame.
 65508 | Pan      | 65508 ||| INVOKING Cleansing Flame.
 65509 | Pan      | 65509 ||| INVOKING Cleansing Flame.
 65518 | Pan      | HP: 40/197 [smoke demon/divine providence (16)]
 65519 | Pan      | 65519 ||| READING 5 scrolls of teleportation.
 65520 | Pan      | HP: 5/197 [smoke demon/divine providence (16)]
 65520 | Pan      | Killed from afar by a smoke demon

Levels and vault maps discovered:
D:1:      dpeg_arrival_pond, layout_basic
D:2:      layout_rooms, hellmonk_ecumenical_altar_zigzags
D:3:      layout_loops_ring, guppyfry_early_orc_mine
D:4:      nicolae_cairo_tiling_large, layout_basic,
          mainiacjoe_overflow_alcove_1, minmay_temple_entry_proselytizer,
          gup_sewer_entry_glass
D:5:      layout_loops_ring, mainiacjoe_overflow_boulevard, lemuel_round_altar,
          serial_shops, nicolae_shop_competitors_out_of_business,
          nicolae_shop_fire_sale [nicolae_sub_dead_trees], uniq_grinder
D:6:      minmay_bubble_buster, layout_basic, uniq_sigmund, uniq_pikel
D:7:      layout_rooms, nicolae_overflow_crystal_walls,
          nicolae_tso_carved_into_rock, uniq_prince_ribbit1
D:8:      layout_loops_cross, minmay_between
D:9:      layout_cave_pools, lemuel_crystal_altar
D:10:     layout_roguey, nicolae_wu_jian_wuxing_cycle,
          mainiacjoe_overflow_brackets, marbit_many_paths,
          serial_co_window_serial, co_window_corner_a, co_window_paths_b,
          co_window_paths_b, co_window_cross_1, co_window_paths_a,
          co_window_paths_c, co_window_corner_b, co_window_broadway_b,
          co_window_corner_cb, co_window_corner_cb, co_window_unsneaky_path_d,
          co_window_corner_b, glass_columns_b, glass_columns_a, glass_columns_b,
          glass_columns_c, glass_columns_a, serial_shops, shop, enter_bailey_3
D:11:     layout_roguey, erik_lair_orcish_takeover, orc_0_dummy
D:12:     layout_roguey, serial_shops, nicolae_diamond_shop,
          nicolae_gozag_seed_capital
D:13:     layout_roguey, hangedman_aviary, uniq_jorgrun
D:14:     layout_small_grid, ximxim_vaults_locker_room, serial_demonic,
          serial_demonic_a, serial_demonic_e, serial_demonic_c,
          serial_demonic_f, serial_demonic_b, serial_demonic_g,
          minmay_misc_feat_hallway
D:15:     gammafunk_depths_entry_grave, layout_basic, minivault_11
Temple:   oiseaux_autumnal_temple
Lair:1:   layout_cave_shapes, infiniplex_staircase_pool, grunt_megastairs_4
Lair:2:   layout_misc_corridors, minmay_swamp_entry_worms,
          guppyfry_snake_entry_island, lightli_volcano_entry_magma_tube,
          lemuel_fruit_fields
Lair:3:   layout_cellular_growth
Lair:4:   layout_cave_pods, dpeg_slime_entry_corner, lookout_lair_type,
          minivault_26, serial_bayou_shore_b
Lair:5:   wormcave, layout_loops_ring, lemuel_old_faithful
Swamp:1:  layout_basic_swamp, evilmike_swamp_ruin_house_1,
          nicolae_swamp_wisp_ring_woods, uniq_nikola
Swamp:2:  layout_falls_marsh, serial_swamp_ruin, evilmike_swamp_ruin_house_3,
          evilmike_swamp_ruin_rubble_2, evilmike_swamp_ruin_house_4,
          uniq_mlioglotl
Swamp:3:  layout_basic_swamp, evilmike_swamp_ruin_house_5, swamp_pool5,
          nicolae_swamp_orc_logging_accident
Swamp:4:  swamp, layout_basic_swamp, swamp_pool3, uniq_roxanne
Snake:1:  layout_misc_corridors, serial_shops, nicolae_shop_advertising_works
          [nicolae_subvault_shop_adworks], nicolae_snake_serpentine_bazaar
Snake:2:  layout_rooms, serial_shops, nicolae_lakefront_shop, grunt_megastairs_3
Snake:3:  layout_gridlike, drop_trap, uniq_aizul, uniq_azrael
Snake:4:  grunt_snake_rune_serpentine_throne, layout_cave_town,
          serial_bayou_lagoon_b
Orc:1:    layout_caves, basic_altar, minmay_shop_mayhem, uniq_erolcha
Orc:2:    st_orc_town, layout_caves, david_defended_altar_orc
Vaults:1: ontoclasm_vaults_shuriken, v_misc_33, v_alt_pattern_4,
          hangedman_vaults_stream, nicolae_vaults_yaktaur_gun_rack,
          dpeg_vaults_pockets_of_resistance, hangedman_vaults_corner_blocks,
          nicolae_vaults_rhombus_7, vaults_dpeg_emergency_exit,
          nicolae_vaults_little_squares_5, v_misc_9, nicolae_vaults_alarming,
          ontoclasm_vaults_pinch, layout_vaults_maze_bifur, serial_shops,
          nicolae_diamond_shop
Vaults:2: nicolae_vaults_triangles, v_rooms_1, hangedman_vaults_stagger,
          v_misc_27, hangedman_vaults_maws, v_misc_14,
          nicolae_vaults_mini_display_case, vaults_room_door_ring,
          ontoclasm_vaults_decontamination, special_room_vaults
          [special_room_orc], layout_vaults_omnibox, uniq_margery,
          uniq_bai_suzhen
Vaults:3: minmay_crypt_entry_necro_gods, nicolae_vaults_bisected_slash,
          vaults_room_boxed, nicolae_vaults_asterisk,
          nicolae_vaults_little_squares_2, nicolae_vaults_little_squares_1,
          v_pattern_3, v_misc_2, nicolae_vaults_asterisk,
          nicolae_vaults_specimen_jars, layout_vaults_chaotic_city
Vaults:4: hangedman_vaults_capsules, vaults_room_octagon, v_misc_11,
          minmay_guarded_unrand_guard_vaults, vaults_dpeg_spiral,
          vaults_dpeg_hooks, vaults_room_grunt_arrival_ludios,
          nicolae_vaults_hallways_thing, ontoclasm_vaults_bender,
          vaults_mumra_chevron, vaults_room_pools, layout_vaults_omnigrid
Vaults:5
Crypt:1:  layout_misc_corridors, grunt_ministairs_6, nicolae_crypt_ancient_font,
          nicolae_crypt_twisting_catacombs, corner_web_ring,
          grunt_crypt_arrival_guarded_gate
Crypt:2:  layout_gridlike, basic_altar, st_chilly_death
Crypt:3:  evilmike_haunted_forest
Tomb:1:   uniq_boris, uniq_khufu
Tomb:2
Tomb:3
Depths:1: layout_twisted_cross, hell_entry, corexii_hall_statues_t, pan_entry,
          grunt_absolute_annihilation, uniq_enchantress
Depths:2: minmay_bloctagon_deflated, layout_gridlike, enter_ziggurat_e,
          hangedman_abyss_entry_splay, pf_vacation_house_of_asmodeus,
          rand_demon_pan_entry_1, nicolae_dithmenos_through_a_glass_darkly,
          serial_shops, nicolae_square_shop, dreamdust_wishing_well,
          grunt_megastairs_1, uniq_sojobo
Depths:3: minmay_guarded_unrand_guard, layout_cave_pools,
          abyss_entry_flame_altar, hellmouth_1
Depths:4: lemuel_castle_with_subvaults [lemuel_castle_interior_carwin_2],
          layout_cave_pools, hell_entry, serial_shops,
          nicolae_shop_bloodbath_and_beyond, hellmonk_bongcloud_opening,
          abyss_entry_small_statue_room, nicolae_concentric_dashed_squares_mild
Zot:1:    regret_index_qazlal_generations, layout_twisted_circle
Zot:2:    dreamdust_zin_vs_xom, layout_basic, grunt_ministairs_1, st_stairs_14,
          st_small_dragon_hoard_4
Zot:3:    circus_mu, layout_gridlike
Zot:4:    layout_onion, ebering_ghost_xom
Pan:      nicolae_pan_door_chamber, layout_gridville, rand_demon_4,
          layout_grid_shapes, lemuel_hall_of_pain, layout_irregular_city

Skill      XL: |  1  2  3  4  5  6  7  8  9 10 11 12 13 14 15 16 17 18 19 20 21 22 23 24 25 26 27 |
---------------+----------------------------------------------------------------------------------+-----
Axes           | 2 3 4 5 13 14 16 18 | 18.0
Throwing       | 1 2 3 4 6 7 8 10 11 12 13 15 | 15.0
Fighting       | 4 11 12 13 15 16 18 20 21 22 24 26 | 26.9
Dodging        | 1 2 3 4 5 6 7 8 9 |  9.0
Shields        | 4 5 6 7 12 16 17 18 19 20 21 22 | 22.0
Invocations    | 2 4 7 10 13 27 | 27.0
Armour         | 6 8 9 10 12 14 16 17 18 19 21 22 | 22.0
Short Blades   | 4 |  4.7

Action                   |  1- 3 |  4- 6 |  7- 9 | 10-12 | 13-15 | 16-18 | 19-21 | 22-24 | 25-27 || total
-------------------------+-------+-------+-------+-------+-------+-------+-------+-------+-------++-------
Melee: War axe           |    78 |   238 |   116 |   670 |    24 |  1932 |  1748 |  2528 |  1307 ||  8641
       Broad axe         |       |       |       |       |  1217 |   153 |       |       |  1781 ||  3151
       Flail             |       |       |       |       |    18 |       |       |       |       ||    18
       Morningstar       |       |       |       |       |       |    13 |       |       |       ||    13
Throw: Javelin           |     8 |    63 |    21 |    28 |    20 |    99 |    69 |    67 |   180 ||   555
       Boomerang         |       |       |       |    62 |   119 |    15 |     3 |       |   166 ||   365
Invok: Heroism           |       |       |     2 |    31 |    50 |    47 |    34 |    51 |    27 ||   242
       Finesse           |       |       |       |     2 |     9 |     6 |     4 |    18 |     5 ||    44
       Cleansing Flame   |       |       |       |       |       |       |       |       |   142 ||   142
       Summon Divine War |       |       |       |       |       |       |       |       |    26 ||    26
       Brand Weapon With |       |       |       |       |       |       |       |       |     1 ||     1
  Use: Scroll            |     2 |     8 |     3 |     9 |     5 |    10 |     3 |     3 |    38 ||    81
       Potion            |     1 |     3 |     3 |     2 |     3 |     7 |     4 |     3 |    21 ||    47
 Stab: Confused          |       |       |       |       |       |     2 |       |       |       ||     2
Armor: Scale mail        |    48 |   133 |    44 |       |       |       |       |       |       ||   225
       Chain mail        |       |       |     2 |   118 |       |       |       |       |       ||   120
       Plate armour      |       |       |       |   193 |   421 |   553 |   545 |  1475 |  1264 ||  4451
Dodge: Dodged            |    38 |   128 |    41 |   223 |   278 |   338 |   358 |   867 |   620 ||  2891
Block: Buckler           |    15 |    41 |    19 |    97 |       |       |       |       |       ||   172
       Kite shield       |       |       |       |    18 |   161 |       |       |       |       ||   179
       Tower shield      |       |       |       |       |  1229 |  2710 |  2136 |  3219 |  3817 || 13111
       Reflection        |       |       |       |       |    12 |   186 |    32 |    32 |    65 ||   327

Table legend:
 A = Non-vault XP
 B = Vault XP
 C = Vault XP percentage of total XP
 D = Non-vault monster count
 E = Vault monster count
 F = Vault count percentage of total count
                 A         B        C        D         E       F
            +---------+---------+-------+---------+---------+-------
      Total |  754967 |  891998 |  54.2 |    1489 |    1142 |  43.4
            +---------+---------+-------+---------+---------+-------
        D:1 |      41 |       0 |   0.0 |      24 |       0 |   0.0
        D:2 |      52 |       0 |   0.0 |      19 |       0 |   0.0
        D:3 |     110 |      16 |  12.7 |      29 |       7 |  19.4
        D:4 |     222 |      65 |  22.6 |      16 |       6 |  27.3
        D:5 |    1119 |     254 |  18.5 |      16 |       1 |   5.9
        D:6 |     812 |    1700 |  67.7 |      30 |      13 |  30.2
        D:7 |    2124 |     268 |  11.2 |      28 |       1 |   3.4
        D:8 |    1558 |     224 |  12.6 |      28 |       4 |  12.5
        D:9 |     539 |       0 |   0.0 |      15 |       0 |   0.0
       D:10 |    1903 |     369 |  16.2 |      14 |       5 |  26.3
       D:11 |    3871 |     640 |  14.2 |      17 |       9 |  34.6
       D:12 |    4083 |       0 |   0.0 |      18 |       0 |   0.0
       D:13 |    4367 |    7198 |  62.2 |      18 |       9 |  33.3
       D:14 |    5290 |   10731 |  67.0 |      10 |      25 |  71.4
       D:15 |    7632 |    4886 |  39.0 |      19 |       8 |  29.6
     Lair:1 |     691 |     364 |  34.5 |       3 |       1 |  25.0
     Lair:2 |   10112 |     169 |   1.6 |      33 |       1 |   2.9
     Lair:3 |     437 |       0 |   0.0 |       2 |       0 |   0.0
     Lair:4 |    3788 |     839 |  18.1 |      16 |       1 |   5.9
     Lair:5 |   17491 |    5969 |  25.4 |      61 |      17 |  21.8
    Swamp:1 |   12358 |    4538 |  26.9 |      28 |       5 |  15.2
    Swamp:2 |   19890 |    1697 |   7.9 |      33 |       1 |   2.9
    Swamp:3 |   12356 |     295 |   2.3 |      22 |       3 |  12.0
    Swamp:4 |   20871 |   17770 |  46.0 |      31 |      26 |  45.6
    Snake:1 |   12286 |       0 |   0.0 |      25 |       0 |   0.0
    Snake:2 |   16206 |    1607 |   9.0 |      31 |       4 |  11.4
    Snake:3 |   25505 |    3292 |  11.4 |      47 |       8 |  14.5
    Snake:4 |   29316 |   30145 |  50.7 |      60 |      36 |  37.5
      Orc:1 |    4920 |     848 |  14.7 |      35 |       1 |   2.8
      Orc:2 |    2952 |    7761 |  72.4 |      24 |      66 |  73.3
   Vaults:1 |   21274 |   33181 |  60.9 |      38 |      45 |  54.2
   Vaults:2 |   35687 |   32376 |  47.6 |      56 |      57 |  50.4
   Vaults:3 |   15051 |   14172 |  48.5 |      22 |      22 |  50.0
   Vaults:4 |   21833 |   52222 |  70.5 |      33 |      55 |  62.5
   Vaults:5 |   15672 |   79148 |  83.5 |      21 |      73 |  77.7
    Crypt:1 |   32195 |    1743 |   5.1 |      71 |       2 |   2.7
    Crypt:2 |   18994 |   14914 |  44.0 |      28 |      39 |  58.2
    Crypt:3 |       0 |   55916 | 100.0 |       0 |      94 | 100.0
     Tomb:1 |   20662 |   98695 |  82.7 |      48 |      57 |  54.3
     Tomb:2 |    9295 |   32127 |  77.6 |      20 |      53 |  72.6
     Tomb:3 |   12756 |  120141 |  90.4 |      24 |     130 |  84.4
   Depths:1 |   33183 |   23285 |  41.2 |      41 |      19 |  31.7
   Depths:2 |   20533 |   15617 |  43.2 |      22 |      14 |  38.9
   Depths:3 |   22898 |   22283 |  49.3 |      25 |      17 |  40.5
   Depths:4 |   37789 |   64386 |  63.0 |      37 |      51 |  58.0
      Zot:1 |   34249 |   36555 |  51.6 |      31 |      32 |  50.8
      Zot:2 |   13450 |   31771 |  70.3 |      12 |      27 |  69.2
      Zot:3 |   22087 |   20621 |  48.3 |      20 |      12 |  37.5
      Zot:4 |   31736 |       0 |   0.0 |      23 |       0 |   0.0
    Abyss:2 |       0 |     239 | 100.0 |       0 |       8 | 100.0
        Pan |  112721 |   40709 |  26.5 |     165 |      49 |  22.9
      Sewer |       0 |     252 | 100.0 |       0 |      28 | 100.0
            +---------+---------+-------+---------+---------+-------
